Workbook

Sheet 総括表
B1: 令和4年度 財政状況資料集
B2: 総括表（市町村）
B3: 都道府県名 | L3: 三重県 | W3: 市町村類型 | AC3: Ⅳ－１ | AM3: 指定団体等の指定状況 | AY3: 区分 | BN3: 令和4年度(千円) | BV3: 令和3年度(千円) | CD3: 区分 | CT3: 令和4年度(千円･％) | DB3: 令和3年度(千円･％)
AY4: 歳入総額 | BN4: 7635992 | BV4: 7543213 | CD4: 実質収支比率 | CT4: 5.2 | DB4: 5.8
AM5: 財政健全化等 | AU5: × | AY5: 歳出総額 | BN5: 7288845 | BV5: 7200202 | CD5: 経常収支比率 | CT5: 78.7 | DB5: 75.1
B6: 市町村名 | L6: 玉城町 | W6: 地方交付税種地 | AC6: 2-3 | AM6: 財源超過 | AU6: × | AY6: 歳入歳出差引 | BN6: 347147 | BV6: 343011 | CD6: (※1) | CT6: 80.3 | DB6: 77.7
AM7: 首都 | AU7: × | AY7: 翌年度に繰越すべき財源 | BN7: 117194 | BV7: 71799 | CD7: 標準財政規模 | CT7: 4464276 | DB7: 4638890
AM8: 近畿 | AU8: × | AY8: 実質収支 | BN8: 229953 | BV8: 271212 | CD8: 財政力指数 | CT8: 0.55 | DB8: 0.59
B9: 人口 | L9: 令和2年国調(人) | R9: 15041 | W9: 産業構造 (※5) | AM9: 中部 | AU9: × | AY9: 単年度収支 | BN9: -41259 | BV9: 74403 | CD9: 公債費負担比率 | CT9: 9.3 | DB9: 9.1
L10: 平成27年国調(人) | R10: 15431 | AM10: 過疎 | AU10: × | AY10: 積立金 | BN10: 90782 | BV10: 34174 | CD10: 健全化判断比率
L11: 増減率 (％) | R11: -2.5 | AM11: 山振 | AU11: × | AY11: 繰上償還金 | BN11: 0 | BV11: 0 | CD11: 実質赤字比率 | CT11: - | DB11: -
B12: 住民基本台帳人口 (※7) | L12: 令05.01.01(人) | R12: 15162 | W12: 区分 | AC12: 令和2年国調 | AH12: 平成27年国調 | AM12: 低開発 | AU12: × | AY12: 積立金取崩し額 | BN12: 150000 | BV12: 0 | CD12: 連結実質赤字比率 | CT12: - | DB12: -
M13: うち日本人(人) | R13: 15036 | W13: 第1次 | AC13: 462 | AH13: 554 | AM13: 指数表選定 | AU13: ○ | AY13: 実質単年度収支 | BN13: -100477 | BV13: 108577 | CD13: 実質公債費比率 | CT13: 5.9 | DB13: 6.1
L14: 令04.01.01(人) | R14: 15271 | AC14: 6.2 | AH14: 7.2 | CD14: 将来負担比率 | CT14: 28.4 | DB14: 28.5
M15: うち日本人(人) | R15: 15142 | W15: 第2次 | AC15: 2455 | AH15: 2588 | AY15: 基準財政収入額 | BN15: 2023598 | BV15: 2059609 | CD15: 資金不足比率 (※4)
L16: 増減率 (％) | R16: -0.7 | AC16: 33.2 | AH16: 33.8 | AY16: 基準財政需要額 | BN16: 3849301 | BV16: 3777082
M17: うち日本人(％) | R17: -0.7 | W17: 第3次 | AC17: 4481 | AH17: 4518 | AY17: 標準税収入額等 | BN17: 2545849 | BV17: 2597927
B18: 面積 (k㎡) | L18: 40.91 | AC18: 60.6 | AH18: 59 | AY18: 経常経費充当一般財源等 | BN18: 3617433 | BV18: 3414444
B19: 人口密度 (人/k㎡) | L19: 368 | AY19: 歳入一般財源等 | BN19: 5098657 | BV19: 4853425
B20: 世帯数 (世帯) | L20: 5404
B21: 職員の状況 (※8)
B22: 特別職等 | E22: 区分 | L22: 定数 | Q22: 1人あたり平均 給料月額(百円) | W22: 一般職員等(※6) | Z22: 区分 | AH22: 職員数 (人) | AM22: 給料月額 (百円) | AS22: 1人あたり平均 給料月額(百円) | AY22: 地方債現在高 | BN22: 5603053 | BV22: 5500118
AY23: うち公的資金 | BN23: 5127058 | BV23: 5053072
E24: 市区町村長 | L24: 1 | Q24: 7410 | Z24: 一般職員 | AH24: 111 | AM24: 308358 | AS24: 2778 | AY24: 地方債現在高（臨時財政対策債除き） | BN24: 2816143 | BV24: 2561052
E25: 副市区町村長 | L25: 1 | Q25: 5605 | Z25: うち消防職員 | AH25: - | AM25: - | AS25: - | AY25: 債務負担行為額（支出予定額） | BN25: 354433 | BV25: 527592
E26: 教育長 | L26: 1 | Q26: 4987 | Z26: うち技能労務職員 | AH26: 3 | AM26: 7974 | AS26: 2658 | AY26: 収益事業収入 | BN26: - | BV26: -
E27: 議会議長 | L27: 1 | Q27: 2870 | Z27: 教育公務員 | AH27: - | AM27: - | AS27: - | AY27: 土地開発基金現在高 | BN27: 114109 | BV27: 114100
E28: 議会副議長 | L28: 1 | Q28: 2210 | Z28: 臨時職員 | AH28: - | AM28: - | AS28: - | AY28: 積立金 現在高 | BC28: 財政調整基金 | BN28: 1949180 | BV28: 1868398
E29: 議会議員 | L29: 11 | Q29: 2100 | Z29: 合計 | AH29: 111 | AM29: 308358 | AS29: 2778 | BC29: 減債基金 | BN29: 260181 | BV29: 260046
W30: ラスパイレス指数 | AH30: 95.2 | BC30: その他特定目的基金 | BN30: 682095 | BV30: 582132
C32: 一般会計等の一覧 | U32: 事業会計の一覧 | AM32: 公営企業（法適）の一覧 | BE32: 公営企業（法非適）の一覧 | BW32: 関係する一部事務組合等一覧 | CO32: 地方公社・第三セクター等一覧
C33: 項番 | E33: 会計名 | U33: 項番 | W33: 会計名 | AM33: 項番 | AO33: 会計名 | BE33: 項番 | BG33: 会計名 | BW33: 項番 | BY33: 組合等名 | CO33: 項番 | CQ33: 団体名 | DG33: (※3)
C34: =IF(E34="","",1) -> 1 | E34: =IF('各会計、関係団体の財政状況及び健全化判断比率'!B7="","",'各会計、関係団体の財政状況及び健全化判断比率'!B7) -> 一般会計 | U34: =IF(W34="","",MAX(C34:D43)+1) -> 3 | W34: =IF('各会計、関係団体の財政状況及び健全化判断比率'!B28="","",'各会計、関係団体の財政状況及び健全化判断比率'!B28) -> 国民健康保険特別会計 | AM34: =IF(AO34="","",MAX(C34:D43,U34:V43)+1) -> 6 | AO34: =IF('各会計、関係団体の財政状況及び健全化判断比率'!B31="","",'各会計、関係団体の財政状況及び健全化判断比率'!B31) -> 水道事業会計 | BE34: =IF(BG34="","",MAX(C34:D43,U34:V43,AM34:AN43)+1) -> 10 | BG34: =IF('各会計、関係団体の財政状況及び健全化判断比率'!B35="","",'各会計、関係団体の財政状況及び健全化判断比率'!B35) -> 農業集落排水事業特別会計 | BW34: =IF(BY34="","",MAX(C34:D43,U34:V43,AM34:AN43,BE34:BF43)+1) -> 11 | BY34: =IF('各会計、関係団体の財政状況及び健全化判断比率'!B68="","",'各会計、関係団体の財政状況及び健全化判断比率'!B68) -> わたらい老人福祉施設組合（一般会計） | CO34: =IF(CQ34="","",MAX(C34:D43,U34:V43,AM34:AN43,BE34:BF43,BW34:BX43)+1) -> 21 | CQ34: =IF('各会計、関係団体の財政状況及び健全化判断比率'!BS7="","",'各会計、関係団体の財政状況及び健全化判断比率'!BS7) -> 度会土地開発公社 | DG34: =IF('各会計、関係団体の財政状況及び健全化判断比率'!BR7="","",'各会計、関係団体の財政状況及び健全化判断比率'!BR7)
C35: =IF(E35="","",C34+1) -> 2 | E35: =IF('各会計、関係団体の財政状況及び健全化判断比率'!B8="","",'各会計、関係団体の財政状況及び健全化判断比率'!B8) -> 山村振興事業特別会計 | U35: =IF(W35="","",U34+1) -> 4 | W35: =IF('各会計、関係団体の財政状況及び健全化判断比率'!B29="","",'各会計、関係団体の財政状況及び健全化判断比率'!B29) -> 介護保険特別会計 | AM35: =IF(AO35="","",AM34+1) -> 7 | AO35: =IF('各会計、関係団体の財政状況及び健全化判断比率'!B32="","",'各会計、関係団体の財政状況及び健全化判断比率'!B32) -> 下水道事業会計 | BE35: =IF(BG35="","",BE34+1) | BW35: =IF(BY35="","",BW34+1) -> 12 | BY35: =IF('各会計、関係団体の財政状況及び健全化判断比率'!B69="","",'各会計、関係団体の財政状況及び健全化判断比率'!B69) -> 〃（特別養護老人ホーム高砂寮特別会計） | CO35: =IF(CQ35="","",CO34+1) | CQ35: =IF('各会計、関係団体の財政状況及び健全化判断比率'!BS8="","",'各会計、関係団体の財政状況及び健全化判断比率'!BS8) | DG35: =IF('各会計、関係団体の財政状況及び健全化判断比率'!BR8="","",'各会計、関係団体の財政状況及び健全化判断比率'!BR8)
C36: =IF(E36="","",C35+1) | E36: =IF('各会計、関係団体の財政状況及び健全化判断比率'!B9="","",'各会計、関係団体の財政状況及び健全化判断比率'!B9) | U36: =IF(W36="","",U35+1) -> 5 | W36: =IF('各会計、関係団体の財政状況及び健全化判断比率'!B30="","",'各会計、関係団体の財政状況及び健全化判断比率'!B30) -> 後期高齢者医療特別会計 | AM36: =IF(AO36="","",AM35+1) -> 8 | AO36: =IF('各会計、関係団体の財政状況及び健全化判断比率'!B33="","",'各会計、関係団体の財政状況及び健全化判断比率'!B33) -> 病院事業会計 | BE36: =IF(BG36="","",BE35+1) | BW36: =IF(BY36="","",BW35+1) -> 13 | BY36: =IF('各会計、関係団体の財政状況及び健全化判断比率'!B70="","",'各会計、関係団体の財政状況及び健全化判断比率'!B70) -> 〃（指定通所事業所高砂寮特別会計） | CO36: =IF(CQ36="","",CO35+1) | CQ36: =IF('各会計、関係団体の財政状況及び健全化判断比率'!BS9="","",'各会計、関係団体の財政状況及び健全化判断比率'!BS9) | DG36: =IF('各会計、関係団体の財政状況及び健全化判断比率'!BR9="","",'各会計、関係団体の財政状況及び健全化判断比率'!BR9)
C37: =IF(E37="","",C36+1) | E37: =IF('各会計、関係団体の財政状況及び健全化判断比率'!B10="","",'各会計、関係団体の財政状況及び健全化判断比率'!B10) | U37: =IF(W37="","",U36+1) | AM37: =IF(AO37="","",AM36+1) -> 9 | AO37: =IF('各会計、関係団体の財政状況及び健全化判断比率'!B34="","",'各会計、関係団体の財政状況及び健全化判断比率'!B34) -> 介護老人保健施設事業会計 | BE37: =IF(BG37="","",BE36+1) | BW37: =IF(BY37="","",BW36+1) -> 14 | BY37: =IF('各会計、関係団体の財政状況及び健全化判断比率'!B71="","",'各会計、関係団体の財政状況及び健全化判断比率'!B71) -> 〃（特別養護老人ホーム真砂寮特別会計） | CO37: =IF(CQ37="","",CO36+1) | CQ37: =IF('各会計、関係団体の財政状況及び健全化判断比率'!BS10="","",'各会計、関係団体の財政状況及び健全化判断比率'!BS10) | DG37: =IF('各会計、関係団体の財政状況及び健全化判断比率'!BR10="","",'各会計、関係団体の財政状況及び健全化判断比率'!BR10)
C38: =IF(E38="","",C37+1) | E38: =IF('各会計、関係団体の財政状況及び健全化判断比率'!B11="","",'各会計、関係団体の財政状況及び健全化判断比率'!B11) | U38: =IF(W38="","",U37+1) | AM38: =IF(AO38="","",AM37+1) | BE38: =IF(BG38="","",BE37+1) | BW38: =IF(BY38="","",BW37+1) -> 15 | BY38: =IF('各会計、関係団体の財政状況及び健全化判断比率'!B72="","",'各会計、関係団体の財政状況及び健全化判断比率'!B72) -> 〃（特別養護老人ホームわたらい緑清苑特別会計） | CO38: =IF(CQ38="","",CO37+1) | CQ38: =IF('各会計、関係団体の財政状況及び健全化判断比率'!BS11="","",'各会計、関係団体の財政状況及び健全化判断比率'!BS11) | DG38: =IF('各会計、関係団体の財政状況及び健全化判断比率'!BR11="","",'各会計、関係団体の財政状況及び健全化判断比率'!BR11)
C39: =IF(E39="","",C38+1) | E39: =IF('各会計、関係団体の財政状況及び健全化判断比率'!B12="","",'各会計、関係団体の財政状況及び健全化判断比率'!B12) | U39: =IF(W39="","",U38+1) | AM39: =IF(AO39="","",AM38+1) | BE39: =IF(BG39="","",BE38+1) | BW39: =IF(BY39="","",BW38+1) -> 16 | BY39: =IF('各会計、関係団体の財政状況及び健全化判断比率'!B73="","",'各会計、関係団体の財政状況及び健全化判断比率'!B73) -> 三重県市町総合事務組合（一般会計） | CO39: =IF(CQ39="","",CO38+1) | CQ39: =IF('各会計、関係団体の財政状況及び健全化判断比率'!BS12="","",'各会計、関係団体の財政状況及び健全化判断比率'!BS12) | DG39: =IF('各会計、関係団体の財政状況及び健全化判断比率'!BR12="","",'各会計、関係団体の財政状況及び健全化判断比率'!BR12)
C40: =IF(E40="","",C39+1) | E40: =IF('各会計、関係団体の財政状況及び健全化判断比率'!B13="","",'各会計、関係団体の財政状況及び健全化判断比率'!B13) | U40: =IF(W40="","",U39+1) | AM40: =IF(AO40="","",AM39+1) | BE40: =IF(BG40="","",BE39+1) | BW40: =IF(BY40="","",BW39+1) -> 17 | BY40: =IF('各会計、関係団体の財政状況及び健全化判断比率'!B74="","",'各会計、関係団体の財政状況及び健全化判断比率'!B74) -> 〃（共同研修特別会計） | CO40: =IF(CQ40="","",CO39+1) | CQ40: =IF('各会計、関係団体の財政状況及び健全化判断比率'!BS13="","",'各会計、関係団体の財政状況及び健全化判断比率'!BS13) | DG40: =IF('各会計、関係団体の財政状況及び健全化判断比率'!BR13="","",'各会計、関係団体の財政状況及び健全化判断比率'!BR13)
C41: =IF(E41="","",C40+1) | E41: =IF('各会計、関係団体の財政状況及び健全化判断比率'!B14="","",'各会計、関係団体の財政状況及び健全化判断比率'!B14) | U41: =IF(W41="","",U40+1) | AM41: =IF(AO41="","",AM40+1) | BE41: =IF(BG41="","",BE40+1) | BW41: =IF(BY41="","",BW40+1) -> 18 | BY41: =IF('各会計、関係団体の財政状況及び健全化判断比率'!B75="","",'各会計、関係団体の財政状況及び健全化判断比率'!B75) -> 〃（デジタル地図特別会計） | CO41: =IF(CQ41="","",CO40+1) | CQ41: =IF('各会計、関係団体の財政状況及び健全化判断比率'!BS14="","",'各会計、関係団体の財政状況及び健全化判断比率'!BS14) | DG41: =IF('各会計、関係団体の財政状況及び健全化判断比率'!BR14="","",'各会計、関係団体の財政状況及び健全化判断比率'!BR14)
C42: =IF(E42="","",C41+1) | E42: =IF('各会計、関係団体の財政状況及び健全化判断比率'!B15="","",'各会計、関係団体の財政状況及び健全化判断比率'!B15) | U42: =IF(W42="","",U41+1) | AM42: =IF(AO42="","",AM41+1) | BE42: =IF(BG42="","",BE41+1) | BW42: =IF(BY42="","",BW41+1) -> 19 | BY42: =IF('各会計、関係団体の財政状況及び健全化判断比率'!B76="","",'各会計、関係団体の財政状況及び健全化判断比率'!B76) -> 〃（物品特別会計） | CO42: =IF(CQ42="","",CO41+1) | CQ42: =IF('各会計、関係団体の財政状況及び健全化判断比率'!BS15="","",'各会計、関係団体の財政状況及び健全化判断比率'!BS15) | DG42: =IF('各会計、関係団体の財政状況及び健全化判断比率'!BR15="","",'各会計、関係団体の財政状況及び健全化判断比率'!BR15)
C43: =IF(E43="","",C42+1) | E43: =IF('各会計、関係団体の財政状況及び健全化判断比率'!B16="","",'各会計、関係団体の財政状況及び健全化判断比率'!B16) | U43: =IF(W43="","",U42+1) | AM43: =IF(AO43="","",AM42+1) | BE43: =IF(BG43="","",BE42+1) | BW43: =IF(BY43="","",BW42+1) -> 20 | BY43: =IF('各会計、関係団体の財政状況及び健全化判断比率'!B77="","",'各会計、関係団体の財政状況及び健全化判断比率'!B77) -> 〃（退職手当特別会計） | CO43: =IF(CQ43="","",CO42+1) | CQ43: =IF('各会計、関係団体の財政状況及び健全化判断比率'!BS16="","",'各会計、関係団体の財政状況及び健全化判断比率'!BS16) | DG43: =IF('各会計、関係団体の財政状況及び健全化判断比率'!BR16="","",'各会計、関係団体の財政状況及び健全化判断比率'!BR16)
B46: （注釈） | E46: ※1：経常収支比率の( )内の数値は、「減収補塡債（特例分）」「猶予特例債」及び「臨時財政対策債」を除いて算出したものである。
E47: ※2：各会計の一覧は主な会計（10会計まで）を記載している。
E48: ※3：地方公共団体が損失補塡等を行っている出資法人で、健全化法の算出対象となっている団体については、「地方公社・第三セクター等」の団体名に○印を付与している。
E49: ※4：資金不足比率欄には、資金が不足している会計のみ記載している。
E50: ※5：産業構造の比率は、分母を就業人口総数とし、分類不能の産業を除いて算出。
E51: ※6：個人情報保護の観点から、対象となる職員数が1人又は2人の場合は、｢給料月額(百円)｣と｢一人当たり給料月額（百円）｣を｢アスタリスク（＊）｣としている。（その他、数値のない欄については、すべてハイフン（－）としている）。
E52: ※7：人口については、調査対象年度の1月1日現在の住民基本台帳に登載されている人口に基づいている。
E53: ※8：職員の状況については、令和4年度地方公務員給与実態調査に基づいている。

Sheet 普通会計の状況
DH1: 令和4年度 | DP1: 三重県玉城町
B2: (1) 普通会計の状況（市町村）
B3: 歳入の状況（単位 千円・％） | AP3: 地方税の状況（単位 千円・％） | CD3: 歳出の状況（単位 千円・％）
B4: 区分 | R4: 決算額 | Z4: 構成比 | AD4: 経常一般財源等 | AL4: 構成比 | AP4: 区分 | BG4: 収入済額 | BO4: 構成比 | BS4: 超過課税分 | CD4: 目的別歳出の状況（単位 千円・％）
B5: 地方税 | R5: 2065167 | Z5: 27 | AD5: 2065167 | AL5: 45.8 | AP5: 普通税 | BG5: 2059748 | BO5: 99.7 | BS5: - | CD5: 区分 | CR5: 決算額 (A) | CZ5: 構成比 | DD5: (A)のうち普通建設事業費 | DQ5: (A)のうち充当一般財源等
B6: 地方譲与税 | R6: 80936 | Z6: 1.1 | AD6: 80936 | AL6: 1.8 | AP6: 法定普通税 | BG6: 2059748 | BO6: 99.7 | BS6: - | CD6: 議会費 | CR6: 70602 | CZ6: 1 | DD6: - | DQ6: 70602
B7: 利子割交付金 | R7: 785 | Z7: 0 | AD7: 785 | AL7: 0 | AP7: 市町村民税 | BG7: 862188 | BO7: 41.7 | BS7: - | CD7: 総務費 | CR7: 1214337 | CZ7: 16.7 | DD7: 59829 | DQ7: 821865
B8: 配当割交付金 | R8: 11977 | Z8: 0.2 | AD8: 11977 | AL8: 0.3 | AP8: 個人均等割 | BG8: 27606 | BO8: 1.3 | BS8: - | CD8: 民生費 | CR8: 2305636 | CZ8: 31.6 | DD8: 40050 | DQ8: 1325449
B9: 株式等譲渡所得割交付金 | R9: 8650 | Z9: 0.1 | AD9: 8650 | AL9: 0.2 | AP9: 所得割 | BG9: 675259 | BO9: 32.7 | BS9: - | CD9: 衛生費 | CR9: 703091 | CZ9: 9.6 | DD9: - | DQ9: 524726
B10: 分離課税所得割交付金 | R10: - | Z10: - | AD10: - | AL10: - | AP10: 法人均等割 | BG10: 36481 | BO10: 1.8 | BS10: - | CD10: 労働費 | CR10: 19592 | CZ10: 0.3 | DD10: - | DQ10: 1092
B11: 地方消費税交付金 | R11: 384731 | Z11: 5 | AD11: 384731 | AL11: 8.5 | AP11: 法人税割 | BG11: 122842 | BO11: 5.9 | BS11: - | CD11: 農林水産業費 | CR11: 424723 | CZ11: 5.8 | DD11: 153087 | DQ11: 218825
B12: ゴルフ場利用税交付金 | R12: 9769 | Z12: 0.1 | AD12: 9769 | AL12: 0.2 | AP12: 固定資産税 | BG12: 1019168 | BO12: 49.4 | BS12: - | CD12: 商工費 | CR12: 216793 | CZ12: 3 | DD12: 7682 | DQ12: 34459
B13: 特別地方消費税交付金 | R13: - | Z13: - | AD13: - | AL13: - | AP13: うち純固定資産税 | BG13: 1018924 | BO13: 49.3 | BS13: - | CD13: 土木費 | CR13: 886524 | CZ13: 12.2 | DD13: 353840 | DQ13: 537442
B14: 自動車取得税交付金 | R14: 149 | Z14: 0 | AD14: 149 | AL14: 0 | AP14: 軽自動車税 | BG14: 66408 | BO14: 3.2 | BS14: - | CD14: 消防費 | CR14: 261972 | CZ14: 3.6 | DD14: 9314 | DQ14: 254186
B15: 軽油引取税交付金 | R15: - | Z15: - | AD15: - | AL15: - | AP15: 市町村たばこ税 | BG15: 111984 | BO15: 5.4 | BS15: - | CD15: 教育費 | CR15: 691958 | CZ15: 9.5 | DD15: 162781 | DQ15: 478352
B16: 自動車税環境性能割交付金 | R16: 11204 | Z16: 0.1 | AD16: 11204 | AL16: 0.2 | AP16: 鉱産税 | BG16: - | BO16: - | BS16: - | CD16: 災害復旧費 | CR16: 11307 | CZ16: 0.2 | DD16: - | DQ16: 8312
B17: 法人事業税交付金 | R17: 52717 | Z17: 0.7 | AD17: 52717 | AL17: 1.2 | AP17: 特別土地保有税 | BG17: - | BO17: - | BS17: - | CD17: 公債費 | CR17: 482310 | CZ17: 6.6 | DD17: - | DQ17: 476200
B18: 地方特例交付金等 | R18: 20541 | Z18: 0.3 | AD18: 20541 | AL18: 0.5 | AP18: 法定外普通税 | BG18: - | BO18: - | BS18: - | CD18: 諸支出金 | CR18: - | CZ18: - | DD18: - | DQ18: -
B19: 個人住民税減収補塡特例交付金 | R19: 19458 | Z19: 0.3 | AD19: 19458 | AL19: 0.4 | AP19: 目的税 | BG19: 5419 | BO19: 0.3 | BS19: - | CD19: 前年度繰上充用金 | CR19: - | CZ19: - | DD19: - | DQ19: -
B20: 新型コロナウイルス感染症対策地方税減収補塡特別交付金 | R20: 1083 | Z20: 0 | AD20: 1083 | AL20: 0 | AP20: 法定目的税 | BG20: 5419 | BO20: 0.3 | BS20: - | CD20: 歳出合計 | CR20: 7288845 | CZ20: 100 | DD20: 786583 | DQ20: 4751510
B21: 地方交付税 | R21: 1965585 | Z21: 25.7 | AD21: 1825703 | AL21: 40.5 | AP21: 入湯税 | BG21: 5419 | BO21: 0.3 | BS21: -
B22: 普通交付税 | R22: 1825703 | Z22: 23.9 | AD22: 1825703 | AL22: 40.5 | AP22: 事業所税 | BG22: - | BO22: - | BS22: - | CD22: 性質別歳出の状況（単位 千円・％）
B23: 特別交付税 | R23: 139882 | Z23: 1.8 | AD23: - | AL23: - | AP23: 都市計画税 | BG23: - | BO23: - | BS23: - | CD23: 区分 | CR23: 決算額 | CZ23: 構成比 | DD23: 充当一般財源等 | DL23: 経常経費充当一般財源等 | DW23: 経常収支比率
B24: 震災復興特別交付税 | R24: - | Z24: - | AD24: - | AL24: - | AP24: 水利地益税等 | BG24: - | BO24: - | BS24: - | CD24: 義務的経費計 | CR24: 2516952 | CZ24: 34.5 | DD24: 1755176 | DL24: 1714392 | DW24: 37.3
B25: (一般財源計) | R25: 4612211 | Z25: 60.4 | AD25: 4472329 | AL25: 99.3 | AP25: 法定外目的税 | BG25: - | BO25: - | BS25: - | CD25: 人件費 | CR25: 1107556 | CZ25: 15.2 | DD25: 1019309 | DL25: 986462 | DW25: 21.5
B26: 交通安全対策特別交付金 | R26: 1331 | Z26: 0 | AD26: 1331 | AL26: 0 | AP26: 旧法による税 | BG26: - | BO26: - | BS26: - | CD26: うち職員給 | CR26: 533150 | CZ26: 7.3 | DD26: 500727 | DL26: - | DW26: -
B27: 分担金・負担金 | R27: 7226 | Z27: 0.1 | AD27: - | AL27: - | AP27: 合計 | BG27: 2065167 | BO27: 100 | BS27: - | CD27: 扶助費 | CR27: 927086 | CZ27: 12.7 | DD27: 259667 | DL27: 251730 | DW27: 5.5
B28: 使用料 | R28: 65182 | Z28: 0.9 | AD28: 5538 | AL28: 0.1 | CD28: 公債費 | CR28: 482310 | CZ28: 6.6 | DD28: 476200 | DL28: 476200 | DW28: 10.4
B29: 手数料 | R29: 5725 | Z29: 0.1 | AD29: 22 | AL29: 0 | CD29: 内訳 | CF29: 元利償還金 | CR29: 482228 | CZ29: 6.6 | DD29: 476118 | DL29: 476118 | DW29: 10.4
B30: 国庫支出金 | R30: 1053678 | Z30: 13.8 | AD30: - | AL30: - | AP30: 区分 | BG30: 令和4年度 | BR30: 令和3年度 | CF30: うち元金 | CR30: 465165 | CZ30: 6.4 | DD30: 459229 | DL30: 459229 | DW30: 10
B31: 国有提供交付金(特別区財調交付金) | R31: 352 | Z31: 0 | AD31: 352 | AL31: 0 | AP31: 徴収率 (％) | AT31: 現年 | AX31: 合計 | BG31: 99.5 | BM31: 98.8 | BR31: 99.6 | BX31: 98.7 | CF31: うち利子 | CR31: 17063 | CZ31: 0.2 | DD31: 16889 | DL31: 16889 | DW31: 0.4
B32: 都道府県支出金 | R32: 442067 | Z32: 5.8 | AD32: - | AL32: - | AU32: ・計 | AX32: 市町村民税 | BG32: 99.4 | BM32: 98.6 | BR32: 99.6 | BX32: 98.9 | CF32: 一時借入金利子 | CR32: 82 | CZ32: 0 | DD32: 82 | DL32: 82 | DW32: 0
B33: 財産収入 | R33: 3039 | Z33: 0 | AD33: 26 | AL33: 0 | AX33: 純固定資産税 | BG33: 99.7 | BM33: 99 | BR33: 99.6 | BX33: 98.5 | CD33: その他の経費 | CR33: 3974003 | CZ33: 54.5 | DD33: 2859110 | DL33: 1903041 | DW33: 41.4
B34: 寄附金 | R34: 201140 | Z34: 2.6 | AD34: - | AL34: - | CD34: 物件費 | CR34: 1362910 | CZ34: 18.7 | DD34: 921439 | DL34: 789568 | DW34: 17.2
B35: 繰入金 | R35: 351624 | Z35: 4.6 | AD35: - | AL35: - | AQ35: 公営事業等への繰出 | BG35: 国民健康保険事業会計の状況 | CD35: 維持補修費 | CR35: 159544 | CZ35: 2.2 | DD35: 137274 | DL35: 70255 | DW35: 1.5
B36: 繰越金 | R36: 203012 | Z36: 2.7 | AD36: - | AL36: - | AQ36: 合計 | AZ36: 1044799 | BG36: 実質収支 | BV36: 43300 | CD36: 補助費等 | CR36: 1482059 | CZ36: 20.3 | DD36: 1102846 | DL36: 648736 | DW36: 14.1
B37: 諸収入 | R37: 121305 | Z37: 1.6 | AD37: 25013 | AL37: 0.6 | AQ37: 下水道 | AZ37: 419467 | BG37: 再差引収支 | BV37: 10867 | CD37: うち一部事務組合負担金 | CR37: 169307 | CZ37: 2.3 | DD37: 169307 | DL37: 169307 | DW37: 3.7
B38: 地方債 | R38: 568100 | Z38: 7.4 | AD38: - | AL38: - | AQ38: 病院 | AZ38: 117974 | BG38: 加入世帯数(世帯) | BV38: 1889 | CD38: 繰出金 | CR38: 550886 | CZ38: 7.6 | DD38: 468128 | DL38: 394482 | DW38: 8.6
B39: うち減収補塡債(特例分) | R39: - | Z39: - | AD39: - | AL39: - | AQ39: 介護サービス | AZ39: 17320 | BG39: 被保険者数(人) | BV39: 3058 | CD39: 積立金 | CR39: 393104 | CZ39: 5.4 | DD39: 229423 | DL39: - | DW39: -
B40: うち臨時財政対策債 | R40: 92700 | Z40: 1.2 | AD40: - | AL40: - | AQ40: 上水道 | AZ40: 500 | BG40: 被保険者 1人当り | BM40: 保険税(料)収入額 | BV40: 81 | CD40: 投資・出資金・貸付金 | CR40: 25500 | CZ40: 0.3 | DD40: - | DL40: - | DW40: -
B41: 歳入合計 | R41: 7635992 | Z41: 100 | AD41: 4504611 | AL41: 100 | AQ41: 国民健康保険 | AZ41: 100954 | BM41: 国庫支出金 | BV41: - | CD41: 前年度繰上充用金 | CR41: - | CZ41: - | DD41: -
AQ42: その他 | AZ42: 388584 | BM42: 保険給付費 | BV42: 332 | CD42: 投資的経費計 | CR42: 797890 | CZ42: 10.9 | DD42: 137224
B43: (注釈) | CD43: うち人件費 | CR43: 20720 | CZ43: 0.3 | DD43: 20720
B44: 普通建設事業費の補助事業費には受託事業費のうちの補助事業費を含み、 | CD44: 内訳 | CF44: 普通建設事業費 | CR44: 786583 | CZ44: 10.8 | DD44: 128912
B45: 単独事業費には同級他団体施行事業負担金及び受託事業費のうちの単独事業費を含む。 | CF45: うち補助 | CR45: 161650 | CZ45: 2.2 | DD45: 15723
CF46: うち単独 | CR46: 506663 | CZ46: 7 | DD46: 99119
CF47: 災害復旧事業費 | CR47: 11307 | CZ47: 0.2 | DD47: 8312
CF48: 失業対策事業費 | CR48: - | CZ48: - | DD48: -
CD49: 歳出合計 | CR49: 7288845 | CZ49: 100 | DD49: 4751510

Sheet 各会計、関係団体の財政状況及び健全化判断比率
A2: (2)各会計、関係団体の財政状況及び健全化判断比率（市町村） | DJ2: 令和4年度 | DQ2: 三重県玉城町
A4: 一般会計等の財政状況（単位：百万円） | BQ4: 地方公社・第三セクター等の経営状況及び地方公共団体の財政的支援の状況（単位：百万円）
A5: 会計名 | Q5: 歳入 | V5: 歳出 | AA5: 形式収支 | AF5: 実質収支 | AK5: 他会計等 からの 繰入金 | AP5: 地方債 現在高 | AU5: 備考 | BQ5: 地方公社・第三セクター等名 | CH5: 経常損益 | CM5: 純資産又は 正味財産 | CR5: 当該団体 からの 出資金 | CW5: 当該団体 からの 補助金 | DB5: 当該団体 からの 貸付金 | DG5: 当該団体からの債務保証に係る債務残高 | DL5: 当該団体からの損失補償に係る債務残高 | DQ5: 一般会計等 負担見込額 | DV5: 備考
A7: 1 | B7: 一般会計 | Q7: 7622 | V7: 7277 | AA7: 345 | AF7: 228 | AK7: 352 | AP7: 5603 | BQ7: 1 | BS7: 度会土地開発公社 | CH7: 0 | CM7: 4 | CR7: 2 | CW7: - | DB7: - | DG7: 20 | DL7: - | DQ7: -
A8: 2 | B8: 山村振興事業特別会計 | Q8: 47 | V8: 45 | AA8: 2 | AF8: 2 | AK8: 31 | AP8: - | BQ8: 2
A9: 3 | BQ9: 3
A10: 4 | BQ10: 4
A11: 5 | BQ11: 5
A12: 6 | BQ12: 6
A13: 7 | BQ13: 7
A14: 8 | BQ14: 8
A15: 9 | BQ15: 9
A16: 10 | BQ16: 10
A17: 11 | BQ17: 11
A18: 12 | BQ18: 12
A19: 13 | BQ19: 13
A20: 14 | BQ20: 14
A21: 15 | BQ21: 15
A22: 16 | AZ22: 実質赤字額 | BQ22: 16
A23: 計 | B23: 一般会計等（純計） | Q23: 7636 | V23: 7289 | AA23: 347 | AF23: 230 | AP23: 5603 | AZ23: - | BQ23: 17
A24: ※一般会計等（純計）は、各会計の相互間の繰入・繰出等の重複を控除したものであり、各会計の合計と一致しない場合がある。 | BQ24: 18
A25: 公営企業会計等の財政状況（単位：百万円） | BQ25: 19
A26: 会計名 | Q26: 総収益 （歳入） | V26: 総費用 （歳出） | AA26: 純損益 （形式収支） | AF26: 資金剰余額 /不足額 （実質収支） | AK26: 他会計等 からの 繰入金 | AP26: 企業債 （地方債） 現在高 | AU26: 左のうち 一般会計等 繰入見込額 | AZ26: 資金不足 比率 | BE26: 備考 | BQ26: 20
BQ27: 21
A28: 1 | B28: 国民健康保険特別会計 | Q28: 1526 | V28: 1483 | AA28: 43 | AF28: 43 | AK28: 161 | AP28: - | AU28: - | AZ28: - | BQ28: 22
A29: 2 | B29: 介護保険特別会計 | Q29: 1466 | V29: 1422 | AA29: 44 | AF29: 44 | AK29: 215 | AP29: - | AU29: - | AZ29: - | BQ29: 23
A30: 3 | B30: 後期高齢者医療特別会計 | Q30: 320 | V30: 317 | AA30: 3 | AF30: 3 | AK30: 173 | AP30: - | AU30: - | AZ30: - | BQ30: 24
A31: 4 | B31: 水道事業会計 | Q31: 288 | V31: 254 | AA31: 34 | AF31: 971 | AK31: 1 | AP31: 665 | AU31: 28 | AZ31: - | BE31: 法適用企業 | BQ31: 25
A32: 5 | B32: 下水道事業会計 | Q32: 534 | V32: 521 | AA32: 12 | AF32: 404 | AK32: 358 | AP32: 4888 | AU32: 4085 | AZ32: - | BE32: 法適用企業 | BQ32: 26
A33: 6 | B33: 病院事業会計 | Q33: 903 | V33: 808 | AA33: 63 | AF33: 781 | AK33: 125 | AP33: 528 | AU33: 351 | AZ33: - | BE33: 法適用企業 | BQ33: 27
A34: 7 | B34: 介護老人保健施設事業会計 | Q34: 371 | V34: 377 | AA34: -6 | AF34: 47 | AK34: 17 | AP34: 20 | AU34: - | AZ34: - | BE34: 法適用企業 | BQ34: 28
A35: 8 | B35: 農業集落排水事業特別会計 | Q35: 104 | V35: 95 | AA35: 9 | AF35: 9 | AK35: 61 | AP35: 439 | AU35: 422 | AZ35: - | BE35: 法非適用企業 | BQ35: 29
A36: 9 | BQ36: 30
A37: 10 | BQ37: 31
A38: 11 | BQ38: 32
A39: 12 | BQ39: 33
A40: 13 | BQ40: 34
A41: 14 | BQ41: 35
A42: 15 | BQ42: 36
A43: 16 | BQ43: 37
A44: 17 | BQ44: 38
A45: 18 | BQ45: 39
A46: 19 | BQ46: 40
A47: 20 | BQ47: 41
... A61: 34 | BQ61: 55
A62: 35 | BJ62: 連結実質赤字額 | BQ62: 56
A63: 計 | B63: 公営企業会計等 | AF63: 2302 | AP63: 6540 | AU63: 4886 | BJ63: - | BQ63: 57
BQ64: 58
A65: 関係する一部事務組合等の財政状況（単位：百万円） | BQ65: 59
A66: 一部事務組合等名 | Q66: 総収益 （歳入） | V66: 総費用 （歳出） | AA66: 純損益 （形式収支） | AF66: 資金剰余額 /不足額 （実質収支） | AK66: 他会計等 からの 繰入金 | AP66: 企業債 （地方債） 現在高 | AU66: 左のうち 一般会計等 負担見込額 | AZ66: 備考 | BQ66: 60
BQ67: 61
A68: 1 | B68: わたらい老人福祉施設組合（一般会計） | Q68: 140 | V68: 139 | AA68: 1 | AF68: 1 | AK68: 4 | AP68: 728 | AU68: - | BQ68: 62
A69: 2 | B69: 〃（特別養護老人ホーム高砂寮特別会計） | Q69: 443 | V69: 440 | AA69: 3 | AF69: 3 | AK69: 50 | AP69: - | AU69: - | BQ69: 63
A70: 3 | B70: 〃（指定通所事業所高砂寮特別会計） | Q70: 52 | V70: 50 | AA70: 2 | AF70: 2 | AK70: 1 | AP70: - | AU70: - | BQ70: 64
A71: 4 | B71: 〃（特別養護老人ホーム真砂寮特別会計） | Q71: 319 | V71: 311 | AA71: 8 | AF71: 8 | AK71: - | AP71: - | AU71: - | BQ71: 65
A72: 5 | B72: 〃（特別養護老人ホームわたらい緑清苑特別会計） | Q72: 422 | V72: 413 | AA72: 9 | AF72: 9 | AK72: 5 | AP72: - | AU72: - | BQ72: 66
A73: 6 | B73: 三重県市町総合事務組合（一般会計） | Q73: 295 | V73: 275 | AA73: 20 | AF73: 20 | AK73: 84 | AP73: - | AU73: - | BQ73: 67
A74: 7 | B74: 〃（共同研修特別会計） | Q74: 66 | V74: 65 | AA74: 1 | AF74: 1 | AK74: - | AP74: - | AU74: - | BQ74: 68
A75: 8 | B75: 〃（デジタル地図特別会計） | Q75: 54 | V75: 53 | AA75: 1 | AF75: 1 | AK75: - | AP75: - | AU75: - | BQ75: 69
A76: 9 | B76: 〃（物品特別会計） | Q76: 5 | V76: 5 | AA76: 1 | AF76: 1 | AK76: - | AP76: - | AU76: - | BQ76: 70
A77: 10 | B77: 〃（退職手当特別会計） | Q77: 7087 | V77: 6511 | AA77: 576 | AF77: 576 | AK77: 17 | AP77: - | AU77: - | BQ77: 71
A78: 11 | B78: 〃（消防救急無線特別会計） | Q78: 291 | V78: 280 | AA78: 11 | AF78: 11 | AK78: - | AP78: 315 | AU78: 2 | BQ78: 72
A79: 12 | B79: 〃（公平委員会特別会計） | Q79: 4 | V79: 2 | AA79: 3 | AF79: 3 | AK79: 0 | AP79: - | AU79: - | BQ79: 73
A80: 13 | B80: 伊勢広域環境組合（一般会計） | Q80: 2647 | V80: 2436 | AA80: 211 | AF80: 43 | AK80: 341 | AP80: 675 | AU80: 72 | BQ80: 74
A81: 14 | B81: 三重地方税管理回収機構（一般会計） | Q81: 237 | V81: 150 | AA81: 87 | AF81: 87 | AK81: - | AP81: - | AU81: - | BQ81: 75
A82: 15 | B82: 〃（滞納整理拡充事業特別会計） | Q82: 36 | V82: 24 | AA82: 12 | AF82: 12 | AK82: - | AP82: - | AU82: - | BQ82: 76
A83: 16 | B83: 三重県後期高齢者医療広域連合（一般会計） | Q83: 197 | V83: 194 | AA83: 3 | AF83: 3 | AK83: - | AP83: - | AU83: - | BQ83: 77
A84: 17 | B84: 〃（後期高齢者医療特別会計） | Q84: 243734 | V84: 232719 | AA84: 11015 | AF84: 11015 | AK84: - | AP84: - | AU84: - | BQ84: 78
A85: 18 | BQ85: 79
A86: 19 | BQ86: 80
A87: 20 | BQ87: 81
A88: 計 | B88: 一部事務組合等 | AF88: 11796 | AP88: 1718 | AU88: 74 | BQ88: 82
BQ89: 83
BQ90: 84
BQ91: 85
BQ92: 86
BQ93: 87
BQ94: 88
BQ95: 89
BQ96: 90
BQ97: 91
BQ98: 92
BQ99: 93
BQ100: 94
BQ101: 95
BQ102: 計 | BR102: 地方公社・第三セクター等 | CR102: 2 | DG102: 20
BQ103: ※地方公共団体が①25%以上出資している法人又は②財政支援を行っている法人を記載している。
BQ104: ※地方公共団体財政健全化法に基づき将来負担比率の算定対象となっている法人については、○印を付与している。
A107: 公債費負担の状況 | AU107: 将来負担の状況
A108: 実質公債費比率 （千円・％） | AU108: 将来負担比率 （千円・％）
A109: 区分 | AA109: 令和2年度 | AF109: 令和3年度 | AK109: 令和4年度 | AP109: 分母比 | AU109: 区分 | BQ109: 令和2年度 | BV109: 令和3年度 | CA109: 令和4年度 | CF109: 分母比 | CK109: 内訳 | DG109: 令和2年度 | DL109: 令和3年度 | DQ109: 令和4年度 | DV109: 分母比
A110: 元利償還金 | AA110: 408659 | AF110: 448750 | AK110: 482228 | AP110: 12.4 | AU110: 将来負担額 | AZ110: 一般会計等に係る地方債の現在高 | BQ110: 5335497 | BV110: 5500118 | CA110: 5603053 | CF110: 144.4 | CK110: 債務負担行為 | CM110: PFI事業に係るもの | DG110: - | DL110: - | DQ110: - | DV110: -
A111: 減債基金積立不足算定額 | AA111: - | AF111: - | AK111: - | AP111: - | AZ111: 債務負担行為に基づく支出予定額 | BQ111: 7647 | BV111: 6269 | CA111: 20714 | CF111: 0.5 | CM111: いわゆる五省協定等に係るもの | DG111: - | DL111: - | DQ111: - | DV111: -
A112: 準元利償還金 | C112: 満期一括償還地方債に係る年度割相当額 | AA112: - | AF112: - | AK112: - | AP112: - | AZ112: 公営企業債等繰入見込額 | BQ112: 5369835 | BV112: 4947843 | CA112: 4886571 | CF112: 125.9 | CM112: 国営土地改良事業に係るもの | DG112: - | DL112: - | DQ112: - | DV112: -
C113: 公営企業債の元利償還金 に対する繰入金 | AA113: 370900 | AF113: 333573 | AK113: 338922 | AP113: 8.7 | AZ113: 組合等負担等見込額 | BQ113: 105747 | BV113: 89907 | CA113: 73110 | CF113: 1.9 | CM113: 森林総合研究所等が行う事業に係るもの | DG113: - | DL113: - | DQ113: - | DV113: -
C114: 組合等が起こした地方債の元利 償還金に対する負担金等 | AA114: 18935 | AF114: 18970 | AK114: 19289 | AP114: 0.5 | AZ114: 退職手当負担見込額 | BQ114: 172154 | BV114: 113894 | CA114: 1834 | CF114: 0 | CM114: 地方公務員等共済組合に係るもの | DG114: - | DL114: - | DQ114: - | DV114: -
C115: 債務負担行為に基づく支出額（公債費に準ずるもの） | AA115: - | AF115: - | AK115: - | AP115: - | AZ115: 設立法人等の負債額等負担見込額 | BQ115: - | BV115: 10566 | CA115: - | CF115: - | CM115: 依頼土地の買い戻しに係るもの | DG115: 7647 | DL115: 6269 | DQ115: 20714 | DV115: 0.5
C116: 一時借入金の利子 | AA116: 11 | AF116: 100 | AK116: 82 | AP116: 0 | AZ116: うち、健全化法施行規則附則第三条に係る負担見込額 | BQ116: - | BV116: - | CA116: - | CF116: - | CM116: 社会福祉法人の施設建設費に係るもの | DG116: - | DL116: - | DQ116: - | DV116: -
A117: 合計 | Y117: (Ａ) | AA117: 798505 | AF117: 801393 | AK117: 840521 | AZ117: 連結実質赤字額 | BQ117: - | BV117: - | CA117: - | CF117: - | CM117: 損失補償・債務保証の履行に係るもの | DG117: - | DL117: - | DQ117: - | DV117: -
A118: 内訳 | AA118: 令和2年度 | AF118: 令和3年度 | AK118: 令和4年度 | AP118: 分母比 | AZ118: 組合等連結実質赤字額負担見込額 | BQ118: - | BV118: - | CA118: - | CF118: - | CM118: 引き受けた債務の履行に係るもの | DG118: - | DL118: - | DQ118: - | DV118: -
...

Sheet 財政比較分析表

Sheet 経常経費分析表（経常収支比率の分析）

Sheet 経常経費分析表（人件費・公債費・普通建設事業費の分析）
A5: 人件費及び人件費に準ずる費用の分析
AK6: 人件費及び人件費に準ずる費用
AO7: 当該団体決算額 （千円） | AQ7: 人口1人当たり決算額
AP8: 当該団体（円） | AQ8: 類似団体平均（円） | AR8: 対比（％）
AK9: 人件費 | AO9: 1107556 | AP9: 73048 | AQ9: 99018 | AR9: -26.2
AK10: 一部事務組合負担金（補助費等） | AO10: 19496 | AP10: 1286 | AQ10: 12190 | AR10: -89.5
AK11: 公営企業（法適）等に対する繰出し（補助費等） | AO11: 2540 | AP11: 168 | AQ11: 979 | AR11: -82.8
AK12: 公営企業（法適）等に対する繰出し（投資及び出資金・貸付金） | AO12: - | AP12: - | AQ12: - | AR12: -
AK13: 公営企業（法非適）等に対する繰出し（繰出金） | AO13: - | AP13: - | AQ13: 3304 | AR13: -
AK14: 事業費支弁に係る職員の人件費（投資的経費） | AO14: 20720 | AP14: 1367 | AQ14: 2278 | AR14: -40
AK15: ▲退職金 | AO15: -84153 | AP15: -5550 | AQ15: -6694 | AR15: -17.1
AK16: 合計 | AO16: 1066159 | AP16: 70318 | AQ16: 111075 | AR16: -36.7
AK19: 参考
AO20: 当該団体 | AP20: 類似団体平均 | AQ20: 対比（差引）
AK21: 人口1,000人当たり職員数（人） | AO21: 7.32 | AP21: 9.92 | AQ21: -2.6
AK22: ラスパイレス指数 | AO22: 95.2 | AP22: 96.2 | AQ22: -1
A26: （注）人口については、各調査対象年度の1月1日現在の住民基本台帳に登載されている人口に基づいている。
A28: 公債費及び公債費に準ずる費用の分析
AK29: 公債費及び公債費に準ずる費用（実質公債費比率の構成要素）
AO30: 当該団体決算額 （千円） | AQ30: 人口1人当たり決算額
AP31: 当該団体（円） | AQ31: 類似団体平均（円） | AR31: 対比（％）
AK32: 元利償還金の額 （繰上償還額等を除く） | AO32: 482228 | AP32: 31805 | AQ32: 56953 | AR32: -44.2
AK33: 積立不足額を考慮して算定した額 | AO33: - | AP33: - | AQ33: - | AR33: -
AK34: 満期一括償還地方債の一年当たりの元金償還金に相当するもの （年度割相当額） | AO34: - | AP34: - | AQ34: - | AR34: -
AK35: 公営企業に要する経費の財源とする地方債の償還の財源に 充てたと認められる繰入金 | AO35: 338922 | AP35: 22353 | AQ35: 20881 | AR35: 7
AK36: 一部事務組合等の起こした地方債に充てたと認められる 補助金又は負担金 | AO36: 19289 | AP36: 1272 | AQ36: 3030 | AR36: -58
AK37: 公債費に準ずる債務負担行為に係るもの | AO37: - | AP37: - | AQ37: 605 | AR37: -
AK38: 一時借入金利子 （同一団体における会計間の現金運用に係る利子は除く） | AO38: 82 | AP38: 5 | AQ38: 2 | AR38: 150
AK39: ▲特定財源の額 | AO39: -6110 | AP39: -403 | AQ39: -2161 | AR39: -81.4
AK40: ▲地方債に係る元利償還金及び準元利償還金に要する経費として 普通交付税の額の算定に用いる基準財政需要額に算入された額 | AO40: -584493 | AP40: -38550 | AQ40: -53409 | AR40: -27.8
AK41: 合計 | AO41: 249918 | AP41: 16483 | AQ41: 25901 | AR41: -36.4
AK42: ※令和5年度中に市町村合併した団体で、合併前の団体ごとの決算に基づく実質公債費比率を算出していない団体については、グラフを表記しない。
A47: （参考） 普通建設事業費の分析
AK48: 普通建設事業費
AM49: 当該団体決算額 （千円） | AN49: 人口１人当たり決算額
AN50: 当該団体(円) | AO50: 増減率(%)(A) | AP50: 類似団体平均(円) | AQ50: 増減率(%)(B) | AR50: (A)-(B)
AK51: H30 | AM51: 432618 | AN51: 27785 | AO51: -20.9 | AP51: 96462 | AQ51: -2.5 | AR51: -18.4
AL52: うち単独分 | AM52: 238347 | AN52: 15308 | AO52: -3.1 | AP52: 39886 | AQ52: -8.8 | AR52: 5.7
AK53: R01 | AM53: 444464 | AN53: 28764 | AO53: 3.5 | AP53: 83103 | AQ53: -13.8 | AR53: 17.3
AL54: うち単独分 | AM54: 279946 | AN54: 18117 | AO54: 18.3 | AP54: 41378 | AQ54: 3.7 | AR54: 14.6
AK55: R02 | AM55: 642525 | AN55: 41782 | AO55: 45.3 | AP55: 84459 | AQ55: 1.6 | AR55: 43.7
AL56: うち単独分 | AM56: 347971 | AN56: 22628 | AO56: 24.9 | AP56: 47314 | AQ56: 14.3 | AR56: 10.6
AK57: R03 | AM57: 853455 | AN57: 55887 | AO57: 33.8 | AP57: 74568 | AQ57: -11.7 | AR57: 45.5
AL58: うち単独分 | AM58: 491913 | AN58: 32212 | AO58: 42.4 | AP58: 42558 | AQ58: -10.1 | AR58: 52.5
AK59: R04 | AM59: 786583 | AN59: 51879 | AO59: -7.2 | AP59: 73693 | AQ59: -1.2 | AR59: -6
AL60: うち単独分 | AM60: 506663 | AN60: 33417 | AO60: 3.7 | AP60: 44203 | AQ60: 3.9 | AR60: -0.2
AK61: 過去５年間平均 | AM61: 631929 | AN61: 41219 | AO61: 10.9 | AP61: 82457 | AQ61: -5.5 | AR61: 16.4
AL62: うち単独分 | AM62: 372968 | AN62: 24336 | AO62: 17.2 | AP62: 43068 | AQ62: 0.6 | AR62: 16.6

Sheet 性質別歳出決算分析表（住民一人当たりのコスト）

Sheet 目的別歳出決算分析表（住民一人当たりのコスト）

Sheet 実質収支比率等に係る経年分析
J45: 標準財政規模比（％）
B46: 区分 | E46: 年度 | F46: H30 | G46: R01 | H46: R02 | I46: R03 | J46: R04
C47: 財政調整基金残高 | F47: 41.4 | G47: 39.53 | H47: 39.05 | I47: 40.28 | J47: 43.66
C48: 実質収支額 | F48: 5.16 | G48: 4.19 | H48: 4.48 | I48: 5.85 | J48: 5.15
C49: 実質単年度収支 | F49: ▲ 2.04 | G49: ▲ 4.86 | H49: 0.62 | I49: 2.34 | J49: ▲ 2.25

Sheet 連結実質赤字比率に係る赤字・黒字の構成分析
J32: 標準財政規模比（％）
B33: 会計 | E33: 年度 | F33: H30 | G33: R01 | H33: R02 | I33: R03 | J33: R04
C34: 水道事業会計 | F34: 20.74 | G34: 20.3 | H34: 19.94 | I34: 20.28 | J34: 21.74
C35: 病院事業会計 | F35: 11.54 | G35: 11.11 | H35: 11.11 | I35: 14.17 | J35: 17.49
C36: 下水道事業会計 | F36: 8.24 | G36: 8.94 | H36: 8.67 | I36: 8.4 | J36: 9.05
C37: 一般会計 | F37: 5.78 | G37: 4.81 | H37: 5.08 | I37: 5.82 | J37: 5.1
C38: 介護老人保健施設事業会計 | F38: 1.23 | G38: 1.33 | H38: 1.12 | I38: 1.03 | J38: 1.04
C39: 介護保険特別会計 | F39: 1.58 | G39: 0.87 | H39: 0.53 | I39: 0.89 | J39: 0.98
C40: 国民健康保険特別会計 | F40: 2.01 | G40: 1 | H40: 0.58 | I40: 0.68 | J40: 0.96
C41: 農業集落排水事業特別会計 | F41: 0 | G41: 0.02 | H41: 0.01 | I41: 0.02 | J41: 0.21
C42: その他会計（赤字） | F42: ▲ 0.66 | G42: ▲ 0.65 | H42: ▲ 0.60 | I42: - | J42: -
C43: その他会計（黒字） | F43: 0.11 | G43: 0.09 | H43: 0.06 | I43: 0.09 | J43: 0.11
B44: ※令和5年度中に市町村合併した団体で、合併前の団体ごとの決算に基づく連結実質赤字比率を算出していない団体については、グラフを表記しない。

Sheet 実質公債費比率（分子）の構造
O43: （百万円）
B44: 分子の構造 | J44: 年度 | K44: H30 | L44: R01 | M44: R02 | N44: R03 | O44: R04
B45: 元利償還金等(A) | E45: 元利償還金 | K45: 413 | L45: 408 | M45: 409 | N45: 449 | O45: 482
E46: 減債基金積立不足算定額※2 | K46: - | L46: - | M46: - | N46: - | O46: -
E47: 満期一括償還地方債に係る年度割相当額 | K47: - | L47: - | M47: - | N47: - | O47: -
E48: 公営企業債の元利償還金に対する繰入金 | K48: 362 | L48: 373 | M48: 371 | N48: 334 | O48: 339
E49: 組合等が起こした地方債の元利償還金に対する負担金等 | K49: 56 | L49: 40 | M49: 19 | N49: 19 | O49: 19
E50: 債務負担行為に基づく支出額 | K50: - | L50: - | M50: - | N50: - | O50: -
E51: 一時借入金の利子 | K51: 0 | L51: 0 | M51: 0 | N51: 0 | O51: 0
B52: 算入公債費等(B) | E52: 算入公債費等 | K52: 577 | L52: 562 | M52: 567 | N52: 589 | O52: 590
B53: (A)－(B) | E53: 実質公債費比率の分子 | K53: 254 | L53: 259 | M53: 232 | N53: 213 | O53: 250
B54: ※1 令和5年度中に市町村合併した団体で、合併前の団体ごとの決算に基づく実質公債費比率を算出していない団体については、グラフを表記しない。
B55: ※2 減債基金積立不足算定額=(C)×(１－(D)/(E))
B56: （参考） | O56: （百万円）
J57: 年度 | K57: H30 | L57: R01 | M57: R02 | N57: R03 | O57: R04
B58: 減債基金 積立状況等（注） | D58: 満期一括償還地方債に係る実質償還額又は理論償還額のいずれか少ない額(C)
D59: 前年度末減債基金残高(D)
D60: 前年度末減債基金積立相当額(E)
D61: （注）減債基金のうち、実質公債費比率の算定に用いる満期一括償還地方債の償還の財源に係るもののみを記入。
D62: 減債基金積立金の年度を超えた一般会計又は特別会計への貸付額は控除して記入。

Sheet 将来負担比率（分子）の構造
M39: （百万円）
B40: 分子の構造 | H40: 年度 | I40: H30 | J40: R01 | K40: R02 | L40: R03 | M40: R04
B41: 将来負担額(A) | E41: 一般会計等に係る地方債の現在高 | I41: 5133 | J41: 5145 | K41: 5335 | L41: 5500 | M41: 5603
E42: 債務負担行為に基づく支出予定額 | I42: 3 | J42: 3 | K42: 8 | L42: 6 | M42: 21
E43: 公営企業債等繰入見込額 | I43: 5783 | J43: 5681 | K43: 5370 | L43: 4948 | M43: 4887
E44: 組合等負担等見込額 | I44: 147 | J44: 121 | K44: 106 | L44: 90 | M44: 73
E45: 退職手当負担見込額 | I45: 172 | J45: 177 | K45: 172 | L45: 114 | M45: 2
E46: 設立法人等の負債額等負担見込額 | I46: - | J46: - | K46: - | L46: 11 | M46: -
E47: うち、健全化法施行規則附則第三条に係る負担見込額 | I47: - | J47: - | K47: - | L47: - | M47: -
E48: 連結実質赤字額 | I48: - | J48: - | K48: - | L48: - | M48: -
E49: 組合等連結実質赤字額負担見込額 | I49: - | J49: - | K49: - | L49: - | M49: -
B50: 充当可能財源等(B) | E50: 充当可能基金 | I50: 2318 | J50: 2356 | K50: 2440 | L50: 2706 | M50: 2857
E51: 充当可能特定歳入 | I51: 33 | J51: 24 | K51: 17 | L51: 10 | M51: 5
E52: 基準財政需要額算入見込額 | I52: 6960 | J52: 6797 | K52: 6821 | L52: 6794 | M52: 6618
B53: (A)－(B) | E53: 将来負担比率の分子 | I53: 1927 | J53: 1949 | K53: 1713 | L53: 1159 | M53: 1105
B54: ※令和5年度中に市町村合併した団体で、合併前の団体ごとの決算に基づく将来負担比率を算出していない団体については、グラフを表記しない。

Sheet 基金残高に係る経年分析
H53: （百万円）
B54: 区分 | E54: 年度 | F54: R02 | G54: R03 | H54: R04
C55: 財政調整基金 | F55: 1714 | G55: 1868 | H55: 1949
C56: 減債基金 | F56: 240 | G56: 260 | H56: 260
C57: その他特定目的基金 | F57: 488 | G57: 582 | H57: 682
C58: 地域福祉基金 | F58: 216 | G58: 216 | H58: 217
C59: 公共施設整備基金 | F59: - | G59: 50 | H59: 120
C60: ふるさと応援基金 | F60: 126 | G60: 160 | H60: 100
C61: 活性化対策事業基金 | F61: 101 | G61: 98 | H61: 87
C62: 企業版ふるさと納税地方創生基金 | F62: - | G62: - | H62: 60
C63: 基金残高合計 | F63: 2442 | G63: 2711 | H63: 2891

Sheet 公会計指標分析・財政指標組合せ分析表
B41: 将来負担比率及び有形固定資産減価償却率の組合せによる分析
AN42: 分析欄
AN43: 下降傾向にあった将来負担比率は横ばいに推移、有形固定資産減価償却率は類似団体よりも高い状態で横ばいとなっている。主な要因としては昭和50年代に建てられた公共施設もあり、町内施設の減価償却（老朽化）が進んでいる。今後も公共施設等総合管理計画に基づき、老朽化（長寿命化）対策に取り組んでいく。
AN49: ( 参考 ）
BP50: H30 | BX50: R01 | CF50: R02 | CN50: R03 | CV50: R04
AN51: 当該団体値 | BB51: 将来負担比率 | BP51: 56.2 | BX51: 55.3 | CF51: 44.7 | CN51: 28.5 | CV51: 28.4
BB53: 有形固定資産減価償却率 | BP53: 66.1 | BX53: 69.4 | CF53: 70.6 | CN53: 70.9 | CV53: 70.8
AN55: 類似団体内平均値 | BB55: 将来負担比率 | BP55: 38.5 | BX55: 35.5 | CF55: 13.5 | CN55: 0 | CV55: 0
BB57: 有形固定資産減価償却率 | BP57: 65.3 | BX57: 66 | CF57: 65.1 | CN57: 64.3 | CV57: 65.7
B63: 将来負担比率及び実質公債費比率の組合せによる分析
AN64: 分析欄
AN65: 将来負担比率は標準財政規模や基金残高の増加に伴い、下降傾向にあり、昨年比較では横ばいである。また、実質公債費比率については類似団体と比較して低い水準にある。今後も地方債発行については平準化も図りつつ、抑制に努め公債費の適正化に取り組んでいく必要がある。
AN71: ( 参考 ）
BP72: H30 | BX72: R01 | CF72: R02 | CN72: R03 | CV72: R04
AN73: 当該団体値 | BB73: 将来負担比率 | BP73: 56.2 | BX73: 55.3 | CF73: 44.7 | CN73: 28.5 | CV73: 28.4
BB75: 実質公債費比率 | BP75: 7.7 | BX75: 7.5 | CF75: 6.9 | CN75: 6.1 | CV75: 5.9
AN77: 類似団体内平均値 | BB77: 将来負担比率 | BP77: 38.5 | BX77: 35.5 | CF77: 13.5 | CN77: 0 | CV77: 0
BB79: 実質公債費比率 | BP79: 8.9 | BX79: 8.8 | CF79: 8.3 | CN79: 8 | CV79: 8.1

Sheet 施設類型別ストック情報分析表①

Sheet 施設類型別ストック情報分析表②

Sheet データシート
D2: 当該団体(円) | F2: 類似団体内平均(円)
A3: H30 | D3: 27785 | F3: 96462
D4: 15308 | F4: 39886
A5: R01 | D5: 28764 | F5: 83103
D6: 18117 | F6: 41378
A7: R02 | D7: 41782 | F7: 84459
D8: 22628 | F8: 47314
A9: R03 | D9: 55887 | F9: 74568
D10: 32212 | F10: 42558
A11: R04 | D11: 51879 | F11: 73693
D12: 33417 | F12: 44203
D13: 41219 | F13: 82457
D14: 24336 | F14: 43068
A17: 実質収支比率等に係る経年分析
B18: =実質収支比率等に係る経年分析!F$46 -> H30 | C18: =実質収支比率等に係る経年分析!G$46 -> R01 | D18: =実質収支比率等に係る経年分析!H$46 -> R02 | E18: =実質収支比率等に係る経年分析!I$46 -> R03 | F18: =実質収支比率等に係る経年分析!J$46 -> R04
A19: 実質収支額 | B19: =ROUND(VALUE(SUBSTITUTE(実質収支比率等に係る経年分析!F$48,"▲","-")),2) -> 5.16 | C19: =ROUND(VALUE(SUBSTITUTE(実質収支比率等に係る経年分析!G$48,"▲","-")),2) -> 4.19 | D19: =ROUND(VALUE(SUBSTITUTE(実質収支比率等に係る経年分析!H$48,"▲","-")),2) -> 4.48 | E19: =ROUND(VALUE(SUBSTITUTE(実質収支比率等に係る経年分析!I$48,"▲","-")),2) -> 5.85 | F19: =ROUND(VALUE(SUBSTITUTE(実質収支比率等に係る経年分析!J$48,"▲","-")),2) -> 5.15
A20: 財政調整基金残高 | B20: =ROUND(VALUE(SUBSTITUTE(実質収支比率等に係る経年分析!F$47,"▲","-")),2) -> 41.4 | C20: =ROUND(VALUE(SUBSTITUTE(実質収支比率等に係る経年分析!G$47,"▲","-")),2) -> 39.53 | D20: =ROUND(VALUE(SUBSTITUTE(実質収支比率等に係る経年分析!H$47,"▲","-")),2) -> 39.05 | E20: =ROUND(VALUE(SUBSTITUTE(実質収支比率等に係る経年分析!I$47,"▲","-")),2) -> 40.28 | F20: =ROUND(VALUE(SUBSTITUTE(実質収支比率等に係る経年分析!J$47,"▲","-")),2) -> 43.66
A21: 実質単年度収支 | B21: =IF(ISNUMBER(VALUE(SUBSTITUTE(実質収支比率等に係る経年分析!F$49,"▲","-"))),ROUND(VALUE(SUBSTITUTE(実質収支比率等に係る経年分析!F$49,"▲","-")),2),NA()) -> -2.04 | C21: =IF(ISNUMBER(VALUE(SUBSTITUTE(実質収支比率等に係る経年分析!G$49,"▲","-"))),ROUND(VALUE(SUBSTITUTE(実質収支比率等に係る経年分析!G$49,"▲","-")),2),NA()) -> -4.86 | D21: =IF(ISNUMBER(VALUE(SUBSTITUTE(実質収支比率等に係る経年分析!H$49,"▲","-"))),ROUND(VALUE(SUBSTITUTE(実質収支比率等に係る経年分析!H$49,"▲","-")),2),NA()) -> 0.62 | E21: =IF(ISNUMBER(VALUE(SUBSTITUTE(実質収支比率等に係る経年分析!I$49,"▲","-"))),ROUND(VALUE(SUBSTITUTE(実質収支比率等に係る経年分析!I$49,"▲","-")),2),NA()) -> 2.34 | F21: =IF(ISNUMBER(VALUE(SUBSTITUTE(実質収支比率等に係る経年分析!J$49,"▲","-"))),ROUND(VALUE(SUBSTITUTE(実質収支比率等に係る経年分析!J$49,"▲","-")),2),NA()) -> -2.25
A24: 連結実質赤字比率に係る赤字・黒字の構成分析
B25: =#REF! -> #REF! | D25: =#REF! -> #REF! | F25: =#REF! -> #REF! | H25: =#REF! -> #REF! | J25: =#REF! -> #REF!
B26: 赤字額 | C26: 黒字額 | D26: 赤字額 | E26: 黒字額 | F26: 赤字額 | G26: 黒字額 | H26: 赤字額 | I26: 黒字額 | J26: 赤字額 | K26: 黒字額
A27: =IF(#REF!="",NA(),#REF!) -> #REF! | B27: =IF(ROUND(VALUE(SUBSTITUTE(#REF!,"▲", "-")), 2) < 0, ABS(ROUND(VALUE(SUBSTITUTE(#REF!,"▲", "-")), 2)), NA()) -> #REF! | C27: =IF(ROUND(VALUE(SUBSTITUTE(#REF!,"▲", "-")), 2) >= 0, ABS(ROUND(VALUE(SUBSTITUTE(#REF!,"▲", "-")), 2)), NA()) -> #REF! | D27: =IF(ROUND(VALUE(SUBSTITUTE(#REF!,"▲", "-")), 2) < 0, ABS(ROUND(VALUE(SUBSTITUTE(#REF!,"▲", "-")), 2)), NA()) -> #REF! | E27: =IF(ROUND(VALUE(SUBSTITUTE(#REF!,"▲", "-")), 2) >= 0, ABS(ROUND(VALUE(SUBSTITUTE(#REF!,"▲", "-")), 2)), NA()) -> #REF! | F27: =IF(ROUND(VALUE(SUBSTITUTE(#REF!,"▲", "-")), 2) < 0, ABS(ROUND(VALUE(SUBSTITUTE(#REF!,"▲", "-")), 2)), NA()) -> #REF! | G27: =IF(ROUND(VALUE(SUBSTITUTE(#REF!,"▲", "-")), 2) >= 0, ABS(ROUND(VALUE(SUBSTITUTE(#REF!,"▲", "-")), 2)), NA()) -> #REF! | H27: =IF(ROUND(VALUE(SUBSTITUTE(#REF!,"▲", "-")), 2) < 0, ABS(ROUND(VALUE(SUBSTITUTE(#REF!,"▲", "-")), 2)), NA()) -> #REF! | I27: =IF(ROUND(VALUE(SUBSTITUTE(#REF!,"▲", "-")), 2) >= 0, ABS(ROUND(VALUE(SUBSTITUTE(#REF!,"▲", "-")), 2)), NA()) -> #REF! | J27: =IF(ROUND(VALUE(SUBSTITUTE(#REF!,"▲", "-")), 2) < 0, ABS(ROUND(VALUE(SUBSTITUTE(#REF!,"▲", "-")), 2)), NA()) -> #REF! | K27: =IF(ROUND(VALUE(SUBSTITUTE(#REF!,"▲", "-")), 2) >= 0, ABS(ROUND(VALUE(SUBSTITUTE(#REF!,"▲", "-")), 2)), NA()) -> #REF!
A28: =IF(#REF!="",NA(),#REF!) -> #REF! | B28: =IF(ROUND(VALUE(SUBSTITUTE(#REF!,"▲", "-")), 2) < 0, ABS(ROUND(VALUE(SUBSTITUTE(#REF!,"▲", "-")), 2)), NA()) -> #REF! | C28: =IF(ROUND(VALUE(SUBSTITUTE(#REF!,"▲", "-")), 2) >= 0, ABS(ROUND(VALUE(SUBSTITUTE(#REF!,"▲", "-")), 2)), NA()) -> #REF! | D28: =IF(ROUND(VALUE(SUBSTITUTE(#REF!,"▲", "-")), 2) < 0, ABS(ROUND(VALUE(SUBSTITUTE(#REF!,"▲", "-")), 2)), NA()) -> #REF! | E28: =IF(ROUND(VALUE(SUBSTITUTE(#REF!,"▲", "-")), 2) >= 0, ABS(ROUND(VALUE(SUBSTITUTE(#REF!,"▲", "-")), 2)), NA()) -> #REF! | F28: =IF(ROUND(VALUE(SUBSTITUTE(#REF!,"▲", "-")), 2) < 0, ABS(ROUND(VALUE(SUBSTITUTE(#REF!,"▲", "-")), 2)), NA()) -> #REF! | G28: =IF(ROUND(VALUE(SUBSTITUTE(#REF!,"▲", "-")), 2) >= 0, ABS(ROUND(VALUE(SUBSTITUTE(#REF!,"▲", "-")), 2)), NA()) -> #REF! | H28: =IF(ROUND(VALUE(SUBSTITUTE(#REF!,"▲", "-")), 2) < 0, ABS(ROUND(VALUE(SUBSTITUTE(#REF!,"▲", "-")), 2)), NA()) -> #REF! | I28: =IF(ROUND(VALUE(SUBSTITUTE(#REF!,"▲", "-")), 2) >= 0, ABS(ROUND(VALUE(SUBSTITUTE(#REF!,"▲", "-")), 2)), NA()) -> #REF! | J28: =IF(ROUND(VALUE(SUBSTITUTE(#REF!,"▲", "-")), 2) < 0, ABS(ROUND(VALUE(SUBSTITUTE(#REF!,"▲", "-")), 2)), NA()) -> #REF! | K28: =IF(ROUND(VALUE(SUBSTITUTE(#REF!,"▲", "-")), 2) >= 0, ABS(ROUND(VALUE(SUBSTITUTE(#REF!,"▲", "-")), 2)), NA()) -> #REF!
A29: =IF(#REF!="",NA(),#REF!) -> #REF! | B29: =IF(ROUND(VALUE(SUBSTITUTE(#REF!,"▲", "-")), 2) < 0, ABS(ROUND(VALUE(SUBSTITUTE(#REF!,"▲", "-")), 2)), NA()) -> #REF! | C29: =IF(ROUND(VALUE(SUBSTITUTE(#REF!,"▲", "-")), 2) >= 0, ABS(ROUND(VALUE(SUBSTITUTE(#REF!,"▲", "-")), 2)), NA()) -> #REF! | D29: =IF(ROUND(VALUE(SUBSTITUTE(#REF!,"▲", "-")), 2) < 0, ABS(ROUND(VALUE(SUBSTITUTE(#REF!,"▲", "-")), 2)), NA()) -> #REF! | E29: =IF(ROUND(VALUE(SUBSTITUTE(#REF!,"▲", "-")), 2) >= 0, ABS(ROUND(VALUE(SUBSTITUTE(#REF!,"▲", "-")), 2)), NA()) -> #REF! | F29: =IF(ROUND(VALUE(SUBSTITUTE(#REF!,"▲", "-")), 2) < 0, ABS(ROUND(VALUE(SUBSTITUTE(#REF!,"▲", "-")), 2)), NA()) -> #REF! | G29: =IF(ROUND(VALUE(SUBSTITUTE(#REF!,"▲", "-")), 2) >= 0, ABS(ROUND(VALUE(SUBSTITUTE(#REF!,"▲", "-")), 2)), NA()) -> #REF! | H29: =IF(ROUND(VALUE(SUBSTITUTE(#REF!,"▲", "-")), 2) < 0, ABS(ROUND(VALUE(SUBSTITUTE(#REF!,"▲", "-")), 2)), NA()) -> #REF! | I29: =IF(ROUND(VALUE(SUBSTITUTE(#REF!,"▲", "-")), 2) >= 0, ABS(ROUND(VALUE(SUBSTITUTE(#REF!,"▲", "-")), 2)), NA()) -> #REF! | J29: =IF(ROUND(VALUE(SUBSTITUTE(#REF!,"▲", "-")), 2) < 0, ABS(ROUND(VALUE(SUBSTITUTE(#REF!,"▲", "-")), 2)), NA()) -> #REF! | K29: =IF(ROUND(VALUE(SUBSTITUTE(#REF!,"▲", "-")), 2) >= 0, ABS(ROUND(VALUE(SUBSTITUTE(#REF!,"▲", "-")), 2)), NA()) -> #REF!
A30: =IF(#REF!="",NA(),#REF!) -> #REF! | B30: =IF(ROUND(VALUE(SUBSTITUTE(#REF!,"▲", "-")), 2) < 0, ABS(ROUND(VALUE(SUBSTITUTE(#REF!,"▲", "-")), 2)), NA()) -> #REF! | C30: =IF(ROUND(VALUE(SUBSTITUTE(#REF!,"▲", "-")), 2) >= 0, ABS(ROUND(VALUE(SUBSTITUTE(#REF!,"▲", "-")), 2)), NA()) -> #REF! | D30: =IF(ROUND(VALUE(SUBSTITUTE(#REF!,"▲", "-")), 2) < 0, ABS(ROUND(VALUE(SUBSTITUTE(#REF!,"▲", "-")), 2)), NA()) -> #REF! | E30: =IF(ROUND(VALUE(SUBSTITUTE(#REF!,"▲", "-")), 2) >= 0, ABS(ROUND(VALUE(SUBSTITUTE(#REF!,"▲", "-")), 2)), NA()) -> #REF! | F30: =IF(ROUND(VALUE(SUBSTITUTE(#REF!,"▲", "-")), 2) < 0, ABS(ROUND(VALUE(SUBSTITUTE(#REF!,"▲", "-")), 2)), NA()) -> #REF! | G30: =IF(ROUND(VALUE(SUBSTITUTE(#REF!,"▲", "-")), 2) >= 0, ABS(ROUND(VALUE(SUBSTITUTE(#REF!,"▲", "-")), 2)), NA()) -> #REF! | H30: =IF(ROUND(VALUE(SUBSTITUTE(#REF!,"▲", "-")), 2) < 0, ABS(ROUND(VALUE(SUBSTITUTE(#REF!,"▲", "-")), 2)), NA()) -> #REF! | I30: =IF(ROUND(VALUE(SUBSTITUTE(#REF!,"▲", "-")), 2) >= 0, ABS(ROUND(VALUE(SUBSTITUTE(#REF!,"▲", "-")), 2)), NA()) -> #REF! | J30: =IF(ROUND(VALUE(SUBSTITUTE(#REF!,"▲", "-")), 2) < 0, ABS(ROUND(VALUE(SUBSTITUTE(#REF!,"▲", "-")), 2)), NA()) -> #REF! | K30: =IF(ROUND(VALUE(SUBSTITUTE(#REF!,"▲", "-")), 2) >= 0, ABS(ROUND(VALUE(SUBSTITUTE(#REF!,"▲", "-")), 2)), NA()) -> #REF!
A31: =IF(#REF!="",NA(),#REF!) -> #REF! | B31: =IF(ROUND(VALUE(SUBSTITUTE(#REF!,"▲", "-")), 2) < 0, ABS(ROUND(VALUE(SUBSTITUTE(#REF!,"▲", "-")), 2)), NA()) -> #REF! | C31: =IF(ROUND(VALUE(SUBSTITUTE(#REF!,"▲", "-")), 2) >= 0, ABS(ROUND(VALUE(SUBSTITUTE(#REF!,"▲", "-")), 2)), NA()) -> #REF! | D31: =IF(ROUND(VALUE(SUBSTITUTE(#REF!,"▲", "-")), 2) < 0, ABS(ROUND(VALUE(SUBSTITUTE(#REF!,"▲", "-")), 2)), NA()) -> #REF! | E31: =IF(ROUND(VALUE(SUBSTITUTE(#REF!,"▲", "-")), 2) >= 0, ABS(ROUND(VALUE(SUBSTITUTE(#REF!,"▲", "-")), 2)), NA()) -> #REF! | F31: =IF(ROUND(VALUE(SUBSTITUTE(#REF!,"▲", "-")), 2) < 0, ABS(ROUND(VALUE(SUBSTITUTE(#REF!,"▲", "-")), 2)), NA()) -> #REF! | G31: =IF(ROUND(VALUE(SUBSTITUTE(#REF!,"▲", "-")), 2) >= 0, ABS(ROUND(VALUE(SUBSTITUTE(#REF!,"▲", "-")), 2)), NA()) -> #REF! | H31: =IF(ROUND(VALUE(SUBSTITUTE(#REF!,"▲", "-")), 2) < 0, ABS(ROUND(VALUE(SUBSTITUTE(#REF!,"▲", "-")), 2)), NA()) -> #REF! | I31: =IF(ROUND(VALUE(SUBSTITUTE(#REF!,"▲", "-")), 2) >= 0, ABS(ROUND(VALUE(SUBSTITUTE(#REF!,"▲", "-")), 2)), NA()) -> #REF! | J31: =IF(ROUND(VALUE(SUBSTITUTE(#REF!,"▲", "-")), 2) < 0, ABS(ROUND(VALUE(SUBSTITUTE(#REF!,"▲", "-")), 2)), NA()) -> #REF! | K31: =IF(ROUND(VALUE(SUBSTITUTE(#REF!,"▲", "-")), 2) >= 0, ABS(ROUND(VALUE(SUBSTITUTE(#REF!,"▲", "-")), 2)), NA()) -> #REF!
A32: =IF(#REF!="",NA(),#REF!) -> #REF! | B32: =IF(ROUND(VALUE(SUBSTITUTE(#REF!,"▲", "-")), 2) < 0, ABS(ROUND(VALUE(SUBSTITUTE(#REF!,"▲", "-")), 2)), NA()) -> #REF! | C32: =IF(ROUND(VALUE(SUBSTITUTE(#REF!,"▲", "-")), 2) >= 0, ABS(ROUND(VALUE(SUBSTITUTE(#REF!,"▲", "-")), 2)), NA()) -> #REF! | D32: =IF(ROUND(VALUE(SUBSTITUTE(#REF!,"▲", "-")), 2) < 0, ABS(ROUND(VALUE(SUBSTITUTE(#REF!,"▲", "-")), 2)), NA()) -> #REF! | E32: =IF(ROUND(VALUE(SUBSTITUTE(#REF!,"▲", "-")), 2) >= 0, ABS(ROUND(VALUE(SUBSTITUTE(#REF!,"▲", "-")), 2)), NA()) -> #REF! | F32: =IF(ROUND(VALUE(SUBSTITUTE(#REF!,"▲", "-")), 2) < 0, ABS(ROUND(VALUE(SUBSTITUTE(#REF!,"▲", "-")), 2)), NA()) -> #REF! | G32: =IF(ROUND(VALUE(SUBSTITUTE(#REF!,"▲", "-")), 2) >= 0, ABS(ROUND(VALUE(SUBSTITUTE(#REF!,"▲", "-")), 2)), NA()) -> #REF! | H32: =IF(ROUND(VALUE(SUBSTITUTE(#REF!,"▲", "-")), 2) < 0, ABS(ROUND(VALUE(SUBSTITUTE(#REF!,"▲", "-")), 2)), NA()) -> #REF! | I32: =IF(ROUND(VALUE(SUBSTITUTE(#REF!,"▲", "-")), 2) >= 0, ABS(ROUND(VALUE(SUBSTITUTE(#REF!,"▲", "-")), 2)), NA()) -> #REF! | J32: =IF(ROUND(VALUE(SUBSTITUTE(#REF!,"▲", "-")), 2) < 0, ABS(ROUND(VALUE(SUBSTITUTE(#REF!,"▲", "-")), 2)), NA()) -> #REF! | K32: =IF(ROUND(VALUE(SUBSTITUTE(#REF!,"▲", "-")), 2) >= 0, ABS(ROUND(VALUE(SUBSTITUTE(#REF!,"▲", "-")), 2)), NA()) -> #REF!
A33: =IF(#REF!="",NA(),#REF!) -> #REF! | B33: =IF(ROUND(VALUE(SUBSTITUTE(#REF!,"▲", "-")), 2) < 0, ABS(ROUND(VALUE(SUBSTITUTE(#REF!,"▲", "-")), 2)), NA()) -> #REF! | C33: =IF(ROUND(VALUE(SUBSTITUTE(#REF!,"▲", "-")), 2) >= 0, ABS(ROUND(VALUE(SUBSTITUTE(#REF!,"▲", "-")), 2)), NA()) -> #REF! | D33: =IF(ROUND(VALUE(SUBSTITUTE(#REF!,"▲", "-")), 2) < 0, ABS(ROUND(VALUE(SUBSTITUTE(#REF!,"▲", "-")), 2)), NA()) -> #REF! | E33: =IF(ROUND(VALUE(SUBSTITUTE(#REF!,"▲", "-")), 2) >= 0, ABS(ROUND(VALUE(SUBSTITUTE(#REF!,"▲", "-")), 2)), NA()) -> #REF! | F33: =IF(ROUND(VALUE(SUBSTITUTE(#REF!,"▲", "-")), 2) < 0, ABS(ROUND(VALUE(SUBSTITUTE(#REF!,"▲", "-")), 2)), NA()) -> #REF! | G33: =IF(ROUND(VALUE(SUBSTITUTE(#REF!,"▲", "-")), 2) >= 0, ABS(ROUND(VALUE(SUBSTITUTE(#REF!,"▲", "-")), 2)), NA()) -> #REF! | H33: =IF(ROUND(VALUE(SUBSTITUTE(#REF!,"▲", "-")), 2) < 0, ABS(ROUND(VALUE(SUBSTITUTE(#REF!,"▲", "-")), 2)), NA()) -> #REF! | I33: =IF(ROUND(VALUE(SUBSTITUTE(#REF!,"▲", "-")), 2) >= 0, ABS(ROUND(VALUE(SUBSTITUTE(#REF!,"▲", "-")), 2)), NA()) -> #REF! | J33: =IF(ROUND(VALUE(SUBSTITUTE(#REF!,"▲", "-")), 2) < 0, ABS(ROUND(VALUE(SUBSTITUTE(#REF!,"▲", "-")), 2)), NA()) -> #REF! | K33: =IF(ROUND(VALUE(SUBSTITUTE(#REF!,"▲", "-")), 2) >= 0, ABS(ROUND(VALUE(SUBSTITUTE(#REF!,"▲", "-")), 2)), NA()) -> #REF!
A34: =IF(#REF!="",NA(),#REF!) -> #REF! | B34: =IF(ROUND(VALUE(SUBSTITUTE(#REF!,"▲", "-")), 2) < 0, ABS(ROUND(VALUE(SUBSTITUTE(#REF!,"▲", "-")), 2)), NA()) -> #REF! | C34: =IF(ROUND(VALUE(SUBSTITUTE(#REF!,"▲", "-")), 2) >= 0, ABS(ROUND(VALUE(SUBSTITUTE(#REF!,"▲", "-")), 2)), NA()) -> #REF! | D34: =IF(ROUND(VALUE(SUBSTITUTE(#REF!,"▲", "-")), 2) < 0, ABS(ROUND(VALUE(SUBSTITUTE(#REF!,"▲", "-")), 2)), NA()) -> #REF! | E34: =IF(ROUND(VALUE(SUBSTITUTE(#REF!,"▲", "-")), 2) >= 0, ABS(ROUND(VALUE(SUBSTITUTE(#REF!,"▲", "-")), 2)), NA()) -> #REF! | F34: =IF(ROUND(VALUE(SUBSTITUTE(#REF!,"▲", "-")), 2) < 0, ABS(ROUND(VALUE(SUBSTITUTE(#REF!,"▲", "-")), 2)), NA()) -> #REF! | G34: =IF(ROUND(VALUE(SUBSTITUTE(#REF!,"▲", "-")), 2) >= 0, ABS(ROUND(VALUE(SUBSTITUTE(#REF!,"▲", "-")), 2)), NA()) -> #REF! | H34: =IF(ROUND(VALUE(SUBSTITUTE(#REF!,"▲", "-")), 2) < 0, ABS(ROUND(VALUE(SUBSTITUTE(#REF!,"▲", "-")), 2)), NA()) -> #REF! | I34: =IF(ROUND(VALUE(SUBSTITUTE(#REF!,"▲", "-")), 2) >= 0, ABS(ROUND(VALUE(SUBSTITUTE(#REF!,"▲", "-")), 2)), NA()) -> #REF! | J34: =IF(ROUND(VALUE(SUBSTITUTE(#REF!,"▲", "-")), 2) < 0, ABS(ROUND(VALUE(SUBSTITUTE(#REF!,"▲", "-")), 2)), NA()) -> #REF! | K34: =IF(ROUND(VALUE(SUBSTITUTE(#REF!,"▲", "-")), 2) >= 0, ABS(ROUND(VALUE(SUBSTITUTE(#REF!,"▲", "-")), 2)), NA()) -> #REF!
A35: =IF(#REF!="",NA(),#REF!) -> #REF! | B35: =IF(ROUND(VALUE(SUBSTITUTE(#REF!,"▲", "-")), 2) < 0, ABS(ROUND(VALUE(SUBSTITUTE(#REF!,"▲", "-")), 2)), NA()) -> #REF! | C35: =IF(ROUND(VALUE(SUBSTITUTE(#REF!,"▲", "-")), 2) >= 0, ABS(ROUND(VALUE(SUBSTITUTE(#REF!,"▲", "-")), 2)), NA()) -> #REF! | D35: =IF(ROUND(VALUE(SUBSTITUTE(#REF!,"▲", "-")), 2) < 0, ABS(ROUND(VALUE(SUBSTITUTE(#REF!,"▲", "-")), 2)), NA()) -> #REF! | E35: =IF(ROUND(VALUE(SUBSTITUTE(#REF!,"▲", "-")), 2) >= 0, ABS(ROUND(VALUE(SUBSTITUTE(#REF!,"▲", "-")), 2)), NA()) -> #REF! | F35: =IF(ROUND(VALUE(SUBSTITUTE(#REF!,"▲", "-")), 2) < 0, ABS(ROUND(VALUE(SUBSTITUTE(#REF!,"▲", "-")), 2)), NA()) -> #REF! | G35: =IF(ROUND(VALUE(SUBSTITUTE(#REF!,"▲", "-")), 2) >= 0, ABS(ROUND(VALUE(SUBSTITUTE(#REF!,"▲", "-")), 2)), NA()) -> #REF! | H35: =IF(ROUND(VALUE(SUBSTITUTE(#REF!,"▲", "-")), 2) < 0, ABS(ROUND(VALUE(SUBSTITUTE(#REF!,"▲", "-")), 2)), NA()) -> #REF! | I35: =IF(ROUND(VALUE(SUBSTITUTE(#REF!,"▲", "-")), 2) >= 0, ABS(ROUND(VALUE(SUBSTITUTE(#REF!,"▲", "-")), 2)), NA()) -> #REF! | J35: =IF(ROUND(VALUE(SUBSTITUTE(#REF!,"▲", "-")), 2) < 0, ABS(ROUND(VALUE(SUBSTITUTE(#REF!,"▲", "-")), 2)), NA()) -> #REF! | K35: =IF(ROUND(VALUE(SUBSTITUTE(#REF!,"▲", "-")), 2) >= 0, ABS(ROUND(VALUE(SUBSTITUTE(#REF!,"▲", "-")), 2)), NA()) -> #REF!
A36: =IF(#REF!="",NA(),#REF!) -> #REF! | B36: =IF(ROUND(VALUE(SUBSTITUTE(#REF!,"▲", "-")), 2) < 0, ABS(ROUND(VALUE(SUBSTITUTE(#REF!,"▲", "-")), 2)), NA()) -> #REF! | C36: =IF(ROUND(VALUE(SUBSTITUTE(#REF!,"▲", "-")), 2) >= 0, ABS(ROUND(VALUE(SUBSTITUTE(#REF!,"▲", "-")), 2)), NA()) -> #REF! | D36: =IF(ROUND(VALUE(SUBSTITUTE(#REF!,"▲", "-")), 2) < 0, ABS(ROUND(VALUE(SUBSTITUTE(#REF!,"▲", "-")), 2)), NA()) -> #REF! | E36: =IF(ROUND(VALUE(SUBSTITUTE(#REF!,"▲", "-")), 2) >= 0, ABS(ROUND(VALUE(SUBSTITUTE(#REF!,"▲", "-")), 2)), NA()) -> #REF! | F36: =IF(ROUND(VALUE(SUBSTITUTE(#REF!,"▲", "-")), 2) < 0, ABS(ROUND(VALUE(SUBSTITUTE(#REF!,"▲", "-")), 2)), NA()) -> #REF! | G36: =IF(ROUND(VALUE(SUBSTITUTE(#REF!,"▲", "-")), 2) >= 0, ABS(ROUND(VALUE(SUBSTITUTE(#REF!,"▲", "-")), 2)), NA()) -> #REF! | H36: =IF(ROUND(VALUE(SUBSTITUTE(#REF!,"▲", "-")), 2) < 0, ABS(ROUND(VALUE(SUBSTITUTE(#REF!,"▲", "-")), 2)), NA()) -> #REF! | I36: =IF(ROUND(VALUE(SUBSTITUTE(#REF!,"▲", "-")), 2) >= 0, ABS(ROUND(VALUE(SUBSTITUTE(#REF!,"▲", "-")), 2)), NA()) -> #REF! | J36: =IF(ROUND(VALUE(SUBSTITUTE(#REF!,"▲", "-")), 2) < 0, ABS(ROUND(VALUE(SUBSTITUTE(#REF!,"▲", "-")), 2)), NA()) -> #REF! | K36: =IF(ROUND(VALUE(SUBSTITUTE(#REF!,"▲", "-")), 2) >= 0, ABS(ROUND(VALUE(SUBSTITUTE(#REF!,"▲", "-")), 2)), NA()) -> #REF!
A39: 実質公債費比率（分子）の構造
B40: ='実質公債費比率（分子）の構造'!K$44 -> H30 | E40: ='実質公債費比率（分子）の構造'!L$44 -> R01 | H40: ='実質公債費比率（分子）の構造'!M$44 -> R02 | K40: ='実質公債費比率（分子）の構造'!N$44 -> R03 | N40: ='実質公債費比率（分子）の構造'!O$44 -> R04
B41: 元利償還金等 | D41: 算入公債費等 | E41: 元利償還金等 | G41: 算入公債費等 | H41: 元利償還金等 | J41: 算入公債費等 | K41: 元利償還金等 | M41: 算入公債費等 | N41: 元利償還金等 | P41: 算入公債費等
A42: 算入公債費等 | D42: ='実質公債費比率（分子）の構造'!K$52 -> 577 | G42: ='実質公債費比率（分子）の構造'!L$52 -> 562 | J42: ='実質公債費比率（分子）の構造'!M$52 -> 567 | M42: ='実質公債費比率（分子）の構造'!N$52 -> 589 | P42: ='実質公債費比率（分子）の構造'!O$52 -> 590
A43: 一時借入金の利子 | B43: ='実質公債費比率（分子）の構造'!K$51 -> 0 | E43: ='実質公債費比率（分子）の構造'!L$51 -> 0 | H43: ='実質公債費比率（分子）の構造'!M$51 -> 0 | K43: ='実質公債費比率（分子）の構造'!N$51 -> 0 | N43: ='実質公債費比率（分子）の構造'!O$51 -> 0
A44: 債務負担行為に基づく支出額 | B44: ='実質公債費比率（分子）の構造'!K$50 -> - | E44: ='実質公債費比率（分子）の構造'!L$50 -> - | H44: ='実質公債費比率（分子）の構造'!M$50 -> - | K44: ='実質公債費比率（分子）の構造'!N$50 -> - | N44: ='実質公債費比率（分子）の構造'!O$50 -> -
A45: 組合等が起こした地方債の元利償還金に対する負担金等 | B45: ='実質公債費比率（分子）の構造'!K$49 -> 56 | E45: ='実質公債費比率（分子）の構造'!L$49 -> 40 | H45: ='実質公債費比率（分子）の構造'!M$49 -> 19 | K45: ='実質公債費比率（分子）の構造'!N$49 -> 19 | N45: ='実質公債費比率（分子）の構造'!O$49 -> 19
A46: 公営企業債の元利償還金に対する繰入金 | B46: ='実質公債費比率（分子）の構造'!K$48 -> 362 | E46: ='実質公債費比率（分子）の構造'!L$48 -> 373 | H46: ='実質公債費比率（分子）の構造'!M$48 -> 371 | K46: ='実質公債費比率（分子）の構造'!N$48 -> 334 | N46: ='実質公債費比率（分子）の構造'!O$48 -> 339
A47: 満期一括償還地方債に係る年度割相当額 | B47: ='実質公債費比率（分子）の構造'!K$47 -> - | E47: ='実質公債費比率（分子）の構造'!L$47 -> - | H47: ='実質公債費比率（分子）の構造'!M$47 -> - | K47: ='実質公債費比率（分子）の構造'!N$47 -> - | N47: ='実質公債費比率（分子）の構造'!O$47 -> -
A48: 減債基金積立不足算定額 | B48: ='実質公債費比率（分子）の構造'!K$46 -> - | E48: ='実質公債費比率（分子）の構造'!L$46 -> - | H48: ='実質公債費比率（分子）の構造'!M$46 -> - | K48: ='実質公債費比率（分子）の構造'!N$46 -> - | N48: ='実質公債費比率（分子）の構造'!O$46 -> -
A49: 元利償還金 | B49: ='実質公債費比率（分子）の構造'!K$45 -> 413 | E49: ='実質公債費比率（分子）の構造'!L$45 -> 408 | H49: ='実質公債費比率（分子）の構造'!M$45 -> 409 | K49: ='実質公債費比率（分子）の構造'!N$45 -> 449 | N49: ='実質公債費比率（分子）の構造'!O$45 -> 482
A50: 実質公債費比率の分子 | B50: =NA() -> #N/A | C50: =IF(ISNUMBER('実質公債費比率（分子）の構造'!K$53),'実質公債費比率（分子）の構造'!K$53,NA()) -> 254 | D50: =NA() -> #N/A | E50: =NA() -> #N/A | F50: =IF(ISNUMBER('実質公債費比率（分子）の構造'!L$53),'実質公債費比率（分子）の構造'!L$53,NA()) -> 259 | G50: =NA() -> #N/A | H50: =NA() -> #N/A | I50: =IF(ISNUMBER('実質公債費比率（分子）の構造'!M$53),'実質公債費比率（分子）の構造'!M$53,NA()) -> 232 | J50: =NA() -> #N/A | K50: =NA() -> #N/A | L50: =IF(ISNUMBER('実質公債費比率（分子）の構造'!N$53),'実質公債費比率（分子）の構造'!N$53,NA()) -> 213 | M50: =NA() -> #N/A | N50: =NA() -> #N/A | O50: =IF(ISNUMBER('実質公債費比率（分子）の構造'!O$53),'実質公債費比率（分子）の構造'!O$53,NA()) -> 250 | P50: =NA() -> #N/A
A53: 将来負担比率（分子）の構造
B54: ='将来負担比率（分子）の構造'!I$40 -> H30 | E54: ='将来負担比率（分子）の構造'!J$40 -> R01 | H54: ='将来負担比率（分子）の構造'!K$40 -> R02 | K54: ='将来負担比率（分子）の構造'!L$40 -> R03 | N54: ='将来負担比率（分子）の構造'!M$40 -> R04
B55: 将来負担額 | D55: 充当可能財源等 | E55: 将来負担額 | G55: 充当可能財源等 | H55: 将来負担額 | J55: 充当可能財源等 | K55: 将来負担額 | M55: 充当可能財源等 | N55: 将来負担額 | P55: 充当可能財源等
A56: 基準財政需要額算入見込額 | D56: ='将来負担比率（分子）の構造'!I$52 -> 6960 | G56: ='将来負担比率（分子）の構造'!J$52 -> 6797 | J56: ='将来負担比率（分子）の構造'!K$52 -> 6821 | M56: ='将来負担比率（分子）の構造'!L$52 -> 6794 | P56: ='将来負担比率（分子）の構造'!M$52 -> 6618
A57: 充当可能特定歳入 | D57: ='将来負担比率（分子）の構造'!I$51 -> 33 | G57: ='将来負担比率（分子）の構造'!J$51 -> 24 | J57: ='将来負担比率（分子）の構造'!K$51 -> 17 | M57: ='将来負担比率（分子）の構造'!L$51 -> 10 | P57: ='将来負担比率（分子）の構造'!M$51 -> 5
A58: 充当可能基金 | D58: ='将来負担比率（分子）の構造'!I$50 -> 2318 | G58: ='将来負担比率（分子）の構造'!J$50 -> 2356 | J58: ='将来負担比率（分子）の構造'!K$50 -> 2440 | M58: ='将来負担比率（分子）の構造'!L$50 -> 2706 | P58: ='将来負担比率（分子）の構造'!M$50 -> 2857
A59: 組合等連結実質赤字額負担見込額 | B59: ='将来負担比率（分子）の構造'!I$49 -> - | E59: ='将来負担比率（分子）の構造'!J$49 -> - | H59: ='将来負担比率（分子）の構造'!K$49 -> - | K59: ='将来負担比率（分子）の構造'!L$49 -> - | N59: ='将来負担比率（分子）の構造'!M$49 -> -
A60: 連結実質赤字額 | B60: ='将来負担比率（分子）の構造'!I$48 -> - | E60: ='将来負担比率（分子）の構造'!J$48 -> - | H60: ='将来負担比率（分子）の構造'!K$48 -> - | K60: ='将来負担比率（分子）の構造'!L$48 -> - | N60: ='将来負担比率（分子）の構造'!M$48 -> -
A61: 設立法人等の負債額等負担見込額 | B61: ='将来負担比率（分子）の構造'!I$46 -> - | E61: ='将来負担比率（分子）の構造'!J$46 -> - | H61: ='将来負担比率（分子）の構造'!K$46 -> - | K61: ='将来負担比率（分子）の構造'!L$46 -> 11 | N61: ='将来負担比率（分子）の構造'!M$46 -> -
A62: 退職手当負担見込額 | B62: ='将来負担比率（分子）の構造'!I$45 -> 172 | E62: ='将来負担比率（分子）の構造'!J$45 -> 177 | H62: ='将来負担比率（分子）の構造'!K$45 -> 172 | K62: ='将来負担比率（分子）の構造'!L$45 -> 114 | N62: ='将来負担比率（分子）の構造'!M$45 -> 2
A63: 組合等負担等見込額 | B63: ='将来負担比率（分子）の構造'!I$44 -> 147 | E63: ='将来負担比率（分子）の構造'!J$44 -> 121 | H63: ='将来負担比率（分子）の構造'!K$44 -> 106 | K63: ='将来負担比率（分子）の構造'!L$44 -> 90 | N63: ='将来負担比率（分子）の構造'!M$44 -> 73
A64: 公営企業債等繰入見込額 | B64: ='将来負担比率（分子）の構造'!I$43 -> 5783 | E64: ='将来負担比率（分子）の構造'!J$43 -> 5681 | H64: ='将来負担比率（分子）の構造'!K$43 -> 5370 | K64: ='将来負担比率（分子）の構造'!L$43 -> 4948 | N64: ='将来負担比率（分子）の構造'!M$43 -> 4887
A65: 債務負担行為に基づく支出予定額 | B65: ='将来負担比率（分子）の構造'!I$42 -> 3 | E65: ='将来負担比率（分子）の構造'!J$42 -> 3 | H65: ='将来負担比率（分子）の構造'!K$42 -> 8 | K65: ='将来負担比率（分子）の構造'!L$42 -> 6 | N65: ='将来負担比率（分子）の構造'!M$42 -> 21
A66: 一般会計等に係る地方債の現在高 | B66: ='将来負担比率（分子）の構造'!I$41 -> 5133 | E66: ='将来負担比率（分子）の構造'!J$41 -> 5145 | H66: ='将来負担比率（分子）の構造'!K$41 -> 5335 | K66: ='将来負担比率（分子）の構造'!L$41 -> 5500 | N66: ='将来負担比率（分子）の構造'!M$41 -> 5603
A67: 将来負担比率の分子 | B67: =NA() -> #N/A | C67: =IF(ISNUMBER('将来負担比率（分子）の構造'!I$53), IF('将来負担比率（分子）の構造'!I$53 < 0, 0, '将来負担比率（分子）の構造'!I$53), NA()) -> 1927 | D67: =NA() -> #N/A | E67: =NA() -> #N/A | F67: =IF(ISNUMBER('将来負担比率（分子）の構造'!J$53), IF('将来負担比率（分子）の構造'!J$53 < 0, 0, '将来負担比率（分子）の構造'!J$53), NA()) -> 1949 | G67: =NA() -> #N/A | H67: =NA() -> #N/A | I67: =IF(ISNUMBER('将来負担比率（分子）の構造'!K$53), IF('将来負担比率（分子）の構造'!K$53 < 0, 0, '将来負担比率（分子）の構造'!K$53), NA()) -> 1713 | J67: =NA() -> #N/A | K67: =NA() -> #N/A | L67: =IF(ISNUMBER('将来負担比率（分子）の構造'!L$53), IF('将来負担比率（分子）の構造'!L$53 < 0, 0, '将来負担比率（分子）の構造'!L$53), NA()) -> 1159 | M67: =NA() -> #N/A | N67: =NA() -> #N/A | O67: =IF(ISNUMBER('将来負担比率（分子）の構造'!M$53), IF('将来負担比率（分子）の構造'!M$53 < 0, 0, '将来負担比率（分子）の構造'!M$53), NA()) -> 1105 | P67: =NA() -> #N/A
A70: 基金残高に係る経年分析
B71: =基金残高に係る経年分析!F54 -> R02 | C71: =基金残高に係る経年分析!G54 -> R03 | D71: =基金残高に係る経年分析!H54 -> R04
A72: 財政調整基金 | B72: =基金残高に係る経年分析!F55 -> 1714 | C72: =基金残高に係る経年分析!G55 -> 1868 | D72: =基金残高に係る経年分析!H55 -> 1949
A73: 減債基金 | B73: =基金残高に係る経年分析!F56 -> 240 | C73: =基金残高に係る経年分析!G56 -> 260 | D73: =基金残高に係る経年分析!H56 -> 260
A74: その他特定目的基金 | B74: =基金残高に係る経年分析!F57 -> 488 | C74: =基金残高に係る経年分析!G57 -> 582 | D74: =基金残高に係る経年分析!H57 -> 682
